 Dungeon Crawl Stone Soup version 0.29.0-4-gdea44cf6ec (webtiles) character file.

Game seed: 6379697774373713877

321657 qw the Wrestler (level 20, -3/222 HPs)
             Began as a Troll Cinder Acolyte on Sept 1, 2022.
             Was a High Priest of Okawaru.
             Killed from afar by a hell hog (12 damage)
             ... with a fireball
             ... on level 1 of the Depths.
             The game lasted 00:26:29 (41463 turns).

qw the Wrestler (Troll Cinder Acolyte)             Turns: 41463, Time: 00:26:29

Health: -3/222     AC: 19    Str: 42    XL:     20   Next: 65%
Magic:  25/26      EV: 17    Int:  6    God:    Okawaru [*****.]
Gold:   557        SH: 27    Dex: 16    Spells: 21/21 levels left

rFire   + . .      SeeInvis +     - Unarmed
rCold   + . .      Faith    .   H - -1 tower shield
rNeg    + + .      Spirit   .   B - +8 troll leather armour "Kuzxocui" {rN++ Regen+ Dex+2}
rPois   +          Reflect  +   i - +1 hat "Ecuemeob" {rF+ Will- Dex+2}
rElec   +          Harm     .   D - +1 cloak of Life {rElec Int-3 Stlth+}
rCorr   .          Rampage  .   (gloves unavailable)
Will    .....                   (boots unavailable)
Stlth   ++++......              F - amulet of reflection
HPRegen 2.07/turn               a - ring "Wizoluas" {rPois rC+ Str+10 Dex+3}
MPRegen 0.20/turn               s - ring of see invisible

@: heroic
A: large, unfitting armour, claws 3, regeneration 1, shaggy fur 1, tough skin 1,
agile 1, robust 1, MP-powered wands
}: 2/15 runes: decaying, serpentine
a: Renounce Religion, Heroism, Finesse, Duel


You were on level 1 of the Depths.
You worshipped Okawaru.
Okawaru was extremely pleased with you.
You visited 7 branches of the dungeon, and saw 36 of its levels.
You visited the Abyss 1 time.
You also visited: Gauntlet.

You collected 5807 gold pieces.
You spent 5250 gold pieces at shops.


Innate Abilities, Weirdness & Mutations

You are too large for most types of armour.
You have claws for hands.
Your natural rate of healing is unusually fast.
You are covered in fur. (AC +1)
You have tough skin. (AC +1)
You are agile. (Dex +4, Str/Int -1)
You are robust. (+10% HP)
You expend magic power (3 MP) to strengthen your wands.


   Skills:
 - Level 13.0(18.0) Fighting
 - Level 13.0(18.0) Throwing
 - Level 5.0(10.0) Armour
 - Level 10.0(15.0) Dodging
 + Level 16.8(21.8) Shields
 - Level 22.0(27) Unarmed Combat
 - Level 1.0 Spellcasting
 - Level 2.1 Fire Magic
 - Level 10.0 Invocations


You had 21 spell levels left.
You didn't know any spells.
Your spell library contained the following spells:

 Spells                   Type           Power      Damage    Failure   Level
 Scorch                   Fire           4%         2d5       41%         2

Inventory:

Missiles
 o - 56 large rocks (quivered)
 x - 17 javelins
 y - 15 boomerangs
 A - 6 silver javelins
 C - 6 silver boomerangs
Armour
 i - the +1 hat "Ecuemeob" (worn) {rF+ Will- Dex+2}
   (Okawaru gifted it to you on level 4 of the Vaults)

   Dex:       It affects your dexterity (+2).
   rF:        It protects you from fire.
   Will:      It decreases your willpower.
 j - the +3 hat of Pondering {ponderous, Will+ MP+10 Int+5}
   (You took it off Gastronok on level 3 of the Lair of Beasts)

   Int:       It affects your intelligence (+5).
   MP:        It affects your magic capacity (+10).
   Will:      It increases your willpower.
 p - the +1 robe of the Bagpipe {Contam rF++ Will+ SInv}
   (You found it on level 1 of the Snake Pit)

   rF:        It greatly protects you from fire.
   SInv:      It lets you see invisible.
   Contam:    It causes magical contamination when unequipped.
   Will:      It increases your willpower.
 v - +2 fire dragon scales
 w - a +2 cloak of poison resistance
 z - a +2 hat
 B - the +8 troll leather armour "Kuzxocui" (worn) {rN++ Regen+ Dex+2}
   (You acquired it on level 13 of the Dungeon)

   Dex:       It affects your dexterity (+2).
   rN:        It greatly protects you from negative energy.
   Regen:     It increases your rate of health regeneration.
 D - the +1 cloak of Life (worn) {rElec Int-3 Stlth+}
   (Okawaru gifted it to you on level 14 of the Dungeon)

   Int:       It affects your intelligence (-3).
   rElec:     It insulates you from electricity.
   Stlth:     It makes you more stealthy.
 E - the quicksilver dragon scales of Oblivion {rF+ Will+ MP+9 Dex+4}
   (Okawaru gifted it to you on level 2 of the Depths)

   Dex:       It affects your dexterity (+4).
   rF:        It protects you from fire.
   MP:        It affects your magic capacity (+9).
   Will:      It increases your willpower.
 H - a -1 tower shield (worn)
Jewellery
 a - the ring "Wizoluas" (left claw) {rPois rC+ Str+10 Dex+3}
   (You acquired it on level 10 of the Dungeon)

   [ring of protection from cold]

   Str:       It affects your strength (+10).
   Dex:       It affects your dexterity (+3).
   rC:        It protects you from cold.
   rPois:     It protects you from poison.
 l - a +6 ring of strength
 n - a ring of protection from fire
 s - a ring of see invisible (right claw)
 F - an amulet of reflection (around neck)
Wands
 G - a wand of digging (7)
Scrolls
 d - 9 scrolls of identify
 m - 13 scrolls of enchant weapon
 r - a scroll of brand weapon
Potions
 b - 5 potions of cancellation
 c - 8 potions of might
 e - 24 potions of curing
 f - 10 potions of mutation
 h - 6 potions of haste
 q - a potion of magic
 t - 2 potions of resistance

Dungeon Overview and Level Annotations

Branches:
Dungeon (15/15)            Temple (0/1) D:6            Lair (5/5) D:10
  Swamp (4/4) Lair:2        Snake (4/4) Lair:2        Slime (0/5) Lair:4
    Orc (2/2) D:10            Elf (0/3) Orc:2        Vaults (4/5) D:13
  Crypt (0/3) Vaults:3     Depths (2/4) D:15        Gauntlet (visited)

Altars:
Ashenzari
Cheibriados
Elyvilon
Gozag
Hepliaklqana
Kikubaaqudgha
Makhleb
Nemelex Xobeh
Okawaru
Qazlal
Trog
Uskayaw
Wu Jian
Yredelemnul
Zin
Jiyva
Lugonu

Shops:
D:7 =   D:13 ?   Orc:1 (   Orc:2 :*[(   Snake:1 !:!*   Vaults:1 ?   Vaults:4 (
Depths:1 [   Depths:2 ![*

Portals:
Hell: Depths:1
Abyss: Snake:4
Trove: D:12 (show slimy rune of Zot)

Annotations:
D:4 1 runed translucent door, Crazy Yiuf
Lair:1 1 runed translucent door, qw's ghost, novice TrCA
Swamp:4 3 runed translucent doors, contendunt's ghost, adept MiFi
Snake:3 1 runed translucent door, Tuffe's ghost, adept FoFi
Vaults:3 3 runed translucent doors, wjh11's ghost, veteran MiBe


Message History

The hell hog breathes fire at you.
The fireball explodes!
The fireball engulfs you!! You resist.
41444 ||| DRINKING 2 potions of heal wounds.
You feel much better.
The hell knight mumbles some strange prayers to its god against you.
The bolt of fire hits the hell knight.
The hell knight completely resists.
The bolt of fire misses you. The hell hog breathes fire at you.
The fireball explodes!
The fireball engulfs you! You resist. The hell hog breathes fire at you.
The fireball explodes!
The fireball engulfs you. You resist. The hell hog breathes fire at you.
The fireball explodes!
The fireball engulfs you!! You resist. The hell hog breathes fire at you.
The fireball explodes!
The fireball engulfs you! You resist.
41451 ||| DRINKING potion of heal wounds.
You feel much better. The hell hog breathes fire at you.
The fireball explodes!
The fireball engulfs you. You resist.
You feel like a meek peon again. The hell hog breathes fire at you.
The fireball explodes!
The fireball engulfs you! You resist.
41455 ||| INVOKING Heroism.
You gain the combat prowess of a mighty hero.
The hell hog breathes fire at you.
The fireball explodes!
The fireball engulfs you! You resist.
The hell knight calls down the wrath of its god upon you.
The bolt of fire hits you! You resist.
The hell knight is no longer moving quickly.
The hell knight mumbles some strange prayers to its god against you.
The bolt of fire hits you! You resist. The hell hog breathes fire at you.
The fireball explodes!
The fireball engulfs you! You resist. The hell hog breathes fire at you.
The fireball explodes!
The fireball engulfs you. You resist.
The hell knight prays to its god.
The hell knight seems to speed up.
The hell hog breathes fire at you.
The fireball explodes!
The fireball engulfs you! You resist.
You die...

.##...#.....~........¤~¤¤........
.#....#...........¤.~~¤~~¤.......
.####.#...........¤¤¤¤~~~~¤......
##..###'#.......~~~¤~¤~~~¤.~.....
....+...#......~~~2p....¤
...##...###...¤~~~~h.\..~
..##....#......~~~¤ph...~
..#.....##+......~~~¤~.~~
..#....##.......@~¤¤¤¤¤~~
..#....#...........~¤~~~~
###....#..¤..........~~~.
.'.......~....##.........
.#...........##..#.......
.#.........#.#.....##+...
.##.....####.#.#+#.....##
..####### ####.'.####..# ...
##..###....##+#


You could see a hell beast, 2 hell knights and 2 hell hogs.

Vanquished Creatures
  Vashnia (Snake:3)
  A profane servitor (Abyss:2)
  Jorgrun (D:13)
  Rupert (D:13)
  2 titans (Depths:2)
  Gastronok (Lair:3)
  2 sphinxes
  A thorn hunter (Swamp:4)
  A revenant (Vaults:3)
  Roxanne (Swamp:2)
  8 nagarajas
  A fenstrider witch (Swamp:3)
  5 vault wardens
  Aizul (Snake:4)
  6 orc warlords
  A draconian scorcher (Depths:2)
  A caustic shrike zombie (Abyss:2)
  A reaper (Abyss:2)
  17 very ugly things
  5 stone giants
  14 ironbound preservers
  An eleionoma (Swamp:4)
  6 ironbound thunderhulks
  A minotaur (Gauntlet)
  A lorocyproca (Vaults:2)
  A vampire knight (Depths:2)
  10 dire elephants
  5 bunyips
  An entropy weaver (Vaults:3)
  A deep elf annihilator (Vaults:2)
  3 green deaths
  2 eidola (Vaults:3)
  6 jiangshi
  5 ettins (Depths:2)
  2 fire dragons (Depths:1)
  4 vault guards
  A deep elf high priest (Vaults:2)
  10 great orbs of eyes
  17 hydras
  Harold (D:11)
  4 boulder beetles
  7 yaktaur captains
  2 ice dragons (Depths:2)
  5 salamander tyrants
  A hell beast (Swamp:4)
  6 ironbound frosthearts
  8 anacondas
  11 centaur warriors
  4 catoblepae
  A ghost crab (Swamp:1)
  2 dancing weapons (D:13)
  5 two-headed ogres
  15 naga warriors
  10 alligators
  3 death yaks (Lair:5)
  A deep troll earth mage (Vaults:2)
  A deep troll shaman (Lair:5)
  6 shock serpents
  Urug (Orc:1)
  A thrashing horror (Swamp:4)
  4 orc high priests (Orc:2)
  A tengu warrior (D:14)
  5 vampire magi
  A spriggan berserker (Swamp:4)
  Nergalle (D:11)
  3 sun demons (Depths:1)
  8 spriggans
  3 iron trolls (Depths:2)
  13 naga sharpshooters
  4 soul eaters (Depths:1)
  Sonja (Orc:2)
  Amaemon (Lair:3)
  A fire crab (Lair:2)
  A skeletal warrior (Vaults:3)
  6 salamander mystics
  A sea snake (Snake:1)
  A wretched star (Abyss:2)
  2 goliath frogs
  A shadow wraith (Vaults:4)
  33 deep trolls
  4 spriggan druids
  4 starcursed masses (Abyss:2)
  7 swamp dragons
  A death drake (Swamp:2)
  An anaconda zombie (Abyss:2)
  8 bog bodies
  9 wizards
  8 lindwurms
  6 naga ritualists
  4 glowing orange brains
  A phantasmal warrior (Vaults:3)
  8 orc knights
  14 ironbound convokers
  2 deep elf pyromancers
  2 wolf spiders (D:15)
  5 mana vipers
  38 ugly things
  3 orc sorcerers (Orc:2)
  2 necromancers
  11 cyclopes
  3 will-o-the-wisps
  4 manticores
  2 oklob plants
  A worldbinder (Abyss:2)
  A moth of wrath (Swamp:4)
  Maurice (D:11)
  4 guardian serpents
  A large abomination (Swamp:4)
  21 salamanders
  9 elephants
  10 vault sentinels
  32 black mambas
  A human skeleton (Vaults:4)
  12 naga magi
  3 smoke demons (Depths:1)
  7 gargoyles
  An unseen horror (shapeshifter) (Depths:1)
  5 cane toads
  4 orange demons
  21 yaktaurs
  An unseen horror (Abyss:2)
  A freezing wraith (Vaults:3)
  Psyche (D:8)
  3 rime drakes
  4 komodo dragons
  An efreet (D:11)
  A queen bee (Gauntlet)
  2 ancient zymes (Abyss:2)
  2 tengu conjurers
  A merfolk (shapeshifter) (Depths:1)
  3 bloated husks
  4 polar bears
  5 trolls
  A tarantella (Vaults:3)
  6 hornets
  11 tyrant leeches
  A frost giant simulacrum (Vaults:4)
  33 slime creatures
  A blink frog (shapeshifter) (D:13)
  15 blink frogs
  3 centaur simulacra (Gauntlet)
  4 dream sheep
  A raiju (Abyss:2)
  An elf skeleton (Vaults:4)
  3 wyverns
  A ynoxinul (Abyss:2)
  37 yaks
  3 shadows
  4 vampires
  3 basilisks
  12 fire elementals
  2 redbacks (Vaults:3)
  A death yak simulacrum (D:13)
  A steam dragon (D:8)
  2 vampire mosquitoes (Swamp:3)
  A neqoxec (Abyss:2)
  9 wargs
  19 swamp worms
  39 nagas
  A glowing shapeshifter zombie (Vaults:4)
  3 acid dragons
  17 water moccasins
  A meliai simulacrum (Gauntlet)
  3 ice beasts
  A sky beast (D:7)
  A swamp drake (D:10)
  56 orc warriors
  2 black bears
  11 wolves
  6 ogres
  6 boggarts
  21 centaurs
  4 kobold brigands
  A phantom (D:7)
  12 bullfrogs
  3 scorpions
  2 necrophages
  A cane toad simulacrum (Gauntlet)
  3 two-headed ogre simulacra (D:13)
  2 spectral wargs (Depths:2)
  9 wights
  19 killer bees
  5 howler monkeys
  10 electric eels
  5 lava snakes (Snake:2)
  11 jellies
  29 orc priests
  A gnoll bouda (D:8)
  9 hounds
  3 iguanas
  Ijyb (D:3)
  5 hell rats (Lair:4)
  Natasha (thrice) (D:3)
  25 orc wizards
  A polar bear simulacrum (D:13)
  A wolf simulacrum (D:13)
  A small abomination (Abyss:2)
  A spriggan simulacrum (D:13)
  9 gnolls
  A naga simulacrum (D:13)
  7 adders
  A white imp (D:7)
  2 ufetubi
  3 worms
  3 dart slugs
  108 orcs
  2 bats
  20 endoplasms
  5 giant cockroaches
  9 goblins
  10 hobgoblins
  4 quokkas
  4 ball pythons
  3 frilled lizards
  25 kobolds
  8 rats
  2 lurking horrors (Snake:4)
1381 creatures vanquished.

Vanquished Creatures (others)
  A hornet (Swamp:3)
  A vampire (D:14)
  2 swamp worms (Swamp:3)
  A centaur (D:14)
  2 orc wizards (Orc:2)
  A demonic plant (Gauntlet)
  16 foxfires
  36 fungi
  48 plants
108 creatures vanquished.

Grand Total: 1489 creatures vanquished

Notes
Turn   | Place    | Note
-------+----------+-------------------------------------------
     0 | D:1      | qw the Troll Cinder Acolyte began the quest for the Orb.
     0 | D:1      | Reached XP level 1. HP: 22/22 MP: 1/1
     0 | D:1      | 0 ||| qw: Version: 0.1-a-97-g2dd2ca4
     0 | D:1      | 0 ||| qw: Game counter: 4863
     0 | D:1      | 0 ||| qw: Always use a shield: true
     0 | D:1      | 0 ||| qw: God list: Okawaru
     0 | D:1      | 0 ||| qw: Allow faded altars: false
     0 | D:1      | 0 ||| qw: Do Orc after D:15 true
     0 | D:1      | 0 ||| qw: Do second Lair branch before Depths: true
     0 | D:1      | 0 ||| qw: Lair rune preference: random
     0 | D:1      | 0 ||| qw: Plans: Normal
     0 | D:1      | 0 ||| PLANNING D:1-11
    31 | D:1      | 31 ||| Stepping ~*~*~tactically~*~*~ (stealth).
    54 | D:1      | Reached XP level 2. HP: 29/29 MP: 2/2
    55 | D:1      | 55 ||| Stepping ~*~*~tactically~*~*~ (stealth).
    57 | D:1      | 57 ||| Stepping ~*~*~tactically~*~*~ (stealth).
   215 | D:1      | Reached skill level 4 in Unarmed Combat
   409 | D:1      | Reached XP level 3. HP: 36/36 MP: 3/3
   741 | D:1      | 741 ||| READING scroll labelled HOFEIW GAGON.
   742 | D:1      | 742 ||| READING scroll labelled ADIHOE KUETZ.
   743 | D:1      | 743 ||| READING scroll labelled UKKOOH PIGIL.
   744 | D:1      | 744 ||| Stepping randomly (stuck).
   745 | D:1      | 745 ||| Stepping ~*~*~tactically~*~*~ (cloud).
   828 | D:2      | 828 ||| Stepping ~*~*~tactically~*~*~ (hiding).
   831 | D:2      | 831 ||| Stepping ~*~*~tactically~*~*~ (hiding).
   834 | D:2      | 834 ||| INVOKING Fiery Armour.
   843 | D:2      | Reached XP level 4. HP: 23/44 MP: 4/4
   858 | D:2      | 858 ||| FLEEEEING.
   859 | D:2      | 859 ||| FLEEEEING.
   860 | D:2      | 860 ||| FLEEEEING.
   886 | D:2      | Reached skill level 5 in Unarmed Combat
   913 | D:2      | 913 ||| Stepping ~*~*~tactically~*~*~ (stealth).
   914 | D:2      | 914 ||| Stepping ~*~*~tactically~*~*~ (stealth).
  1250 | D:2      | 1250 ||| Stepping ~*~*~tactically~*~*~ (stealth).
  1251 | D:2      | 1251 ||| Stepping ~*~*~tactically~*~*~ (stealth).
  1271 | D:2      | 1271 ||| Stepping ~*~*~tactically~*~*~ (stealth).
  1275 | D:2      | 1275 ||| Stepping ~*~*~tactically~*~*~ (stealth).
  1276 | D:2      | 1276 ||| Stepping ~*~*~tactically~*~*~ (stealth).
  1318 | D:2      | 1318 ||| Stepping ~*~*~tactically~*~*~ (stealth).
  1319 | D:2      | 1319 ||| Stepping ~*~*~tactically~*~*~ (stealth).
  1355 | D:2      | Found an ancient bone altar of Kikubaaqudgha.
  1548 | D:2      | 1548 ||| READING scroll labelled ENKEAN HOAJ.
  1549 | D:2      | 1549 ||| READING scroll labelled QETAQI SUTYERI.
  1550 | D:2      | 1550 ||| DRINKING 2 red potions.
  1591 | D:3      | Found a faded altar of an unknown god.
  1652 | D:3      | Noticed Natasha
  1669 | D:3      | Killed Natasha
  1670 | D:3      | Reached XP level 5. HP: 38/50 MP: 5/5
  1832 | D:3      | Noticed Natasha
  1834 | D:3      | 1834 ||| Stepping ~*~*~tactically~*~*~ (hiding).
  1842 | D:3      | Killed Natasha
  1843 | D:3      | Reached skill level 6 in Unarmed Combat
  1864 | D:3      | Noticed Natasha
  1874 | D:3      | Killed Natasha
  2091 | D:3      | Noticed Ijyb
  2099 | D:3      | Killed Ijyb
  2258 | D:3      | You fall into a shaft and drop 2 floors!
  2258 | D:5      | Entered Level 5 of the Dungeon
  2259 | D:5      | Noticed an orc warrior
  2260 | D:5      | 2260 ||| Stepping ~*~*~tactically~*~*~ (hiding).
  2270 | D:5      | 2270 ||| INVOKING Fiery Armour.
  2276 | D:5      | Reached XP level 6. HP: 35/59 MP: 6/6
  2285 | D:5      | 2285 ||| Stepping ~*~*~tactically~*~*~ (outnumbered).
  2287 | D:5      | Killed an orc warrior
  2288 | D:5      | Reached skill level 7 in Unarmed Combat
  2328 | D:5      | 2328 ||| READING scroll labelled UMIEW WOXIT.
  2329 | D:5      | 2329 ||| READING scroll labelled RORCHA PEONOGH.
  2334 | D:5      | 2334 ||| Stepping ~*~*~tactically~*~*~ (outnumbered).
  2347 | D:5      | 2347 ||| DRINKING 2 smoky inky potions.
  2347 | D:5      | Gained mutation: You are robust. (+10% HP) [potion of
                  | mutation]
  2347 | D:5      | Gained mutation: You are agile. (Dex +4, Str/Int -1)
                  | [potion of mutation]
  2347 | D:5      | Gained mutation: You expend magic power (3 MP) to
                  | strengthen your wands. [potion of mutation]
  2352 | D:5      | 2352 ||| READING 2 scrolls of identify.
  2352 | D:5      | 2352 ||| IDENTIFYING coppery potion
  2353 | D:5      | 2353 ||| DROPPING potion of flight.
  2375 | D:5      | 2375 ||| Stepping ~*~*~tactically~*~*~ (stealth).
  2384 | D:5      | Reached skill level 1 in Dodging
  2384 | D:5      | Reached XP level 7. HP: 72/72 MP: 7/7
  2487 | D:5      | Reached skill level 8 in Unarmed Combat
  2529 | D:5      | 2529 ||| READING scroll labelled FAEWUX CAYGUCS.
  2630 | D:5      | 2630 ||| DRINKING 2 pink potions.
  2631 | D:5      | 2631 ||| DROPPING potion of attraction.
  2704 | D:5      | Reached skill level 3 in Fighting
  3108 | D:5      | 3108 ||| READING 2 scrolls labelled MEIHUA ETITAPO.
  3109 | D:5      | 3109 ||| READING scroll labelled FYKOIT FOIPSING.
  3110 | D:5      | 3110 ||| READING 3 scrolls of identify.
  3110 | D:5      | 3110 ||| IDENTIFYING inky potion
  3111 | D:5      | 3111 ||| READING 2 scrolls of identify.
  3111 | D:5      | 3111 ||| IDENTIFYING bubbling brown potion
  3112 | D:5      | 3112 ||| DROPPING potion of lignification.
  3113 | D:5      | 3113 ||| DROPPING scroll of blinking.
  3237 | D:4      | Noticed a wyvern
  3238 | D:4      | 3238 ||| Stepping ~*~*~tactically~*~*~ (stealth).
  3242 | D:4      | 3242 ||| Stepping ~*~*~tactically~*~*~ (stealth).
  3246 | D:4      | 3246 ||| Stepping ~*~*~tactically~*~*~ (stealth).
  3251 | D:4      | 3251 ||| INVOKING Fiery Armour.
  3252 | D:4      | Killed a wyvern
  3253 | D:4      | Reached skill level 9 in Unarmed Combat
  3253 | D:4      | Reached XP level 8. HP: 29/82 MP: 8/8
  3307 | D:4      | 3307 ||| Stepping ~*~*~tactically~*~*~ (stealth).
  3308 | D:4      | 3308 ||| Stepping ~*~*~tactically~*~*~ (stealth).
  3309 | D:4      | 3309 ||| Stepping ~*~*~tactically~*~*~ (stealth).
  3326 | D:4      | Reached skill level 1 in Throwing
  3359 | D:4      | 3359 ||| Stepping ~*~*~tactically~*~*~ (stealth).
  3360 | D:4      | 3360 ||| Stepping ~*~*~tactically~*~*~ (stealth).
  3362 | D:4      | 3362 ||| Stepping ~*~*~tactically~*~*~ (stealth).
  3395 | D:4      | 3395 ||| Stepping ~*~*~tactically~*~*~ (stealth).
  3398 | D:4      | 3398 ||| Stepping ~*~*~tactically~*~*~ (stealth).
  3400 | D:4      | 3400 ||| Stepping ~*~*~tactically~*~*~ (stealth).
  3572 | D:4      | 3572 ||| STAIRDANCE
  3641 | D:4      | Found a runed translucent door.
  3642 | D:4      | Noticed Crazy Yiuf
  3717 | D:4      | 3717 ||| Stepping ~*~*~tactically~*~*~ (stealth).
  3718 | D:4      | 3718 ||| Stepping ~*~*~tactically~*~*~ (stealth).
  3861 | D:4      | Found a hide-covered altar of Uskayaw.
  3861 | D:4      | Found a glowing silver altar of Zin.
  3862 | D:4      | 3862 ||| Stepping ~*~*~tactically~*~*~ (hiding).
  3899 | D:4      | Found a faded altar of an unknown god.
  3904 | D:4      | Found an iron altar of Okawaru.
  3906 | D:4      | Found a basalt altar of Yredelemnul.
  3960 | D:4      | 3960 ||| READING scroll of teleportation.
  4266 | D:6      | Reached skill level 10 in Unarmed Combat
  4310 | D:6      | 4310 ||| INVOKING Fiery Armour.
  4390 | D:6      | Found a staircase to the Ecumenical Temple.
  4414 | D:6      | Found a snail-covered altar of Cheibriados.
  4492 | D:6      | Noticed a two-headed ogre
  4500 | D:6      | 4500 ||| INVOKING Fiery Armour.
  4500 | D:6      | HP: 19/85 [two-headed ogre/+0 giant club (8)]
  4503 | D:6      | Killed a two-headed ogre
  4504 | D:6      | Reached skill level 11 in Unarmed Combat
  4504 | D:6      | Reached XP level 9. HP: 23/92 MP: 9/9
  4631 | D:6      | 4631 ||| Stepping ~*~*~tactically~*~*~ (stealth).
  4633 | D:6      | 4633 ||| Stepping ~*~*~tactically~*~*~ (stealth).
  4634 | D:6      | 4634 ||| Stepping ~*~*~tactically~*~*~ (stealth).
  4893 | D:6      | 4893 ||| Stepping ~*~*~tactically~*~*~ (stealth).
  4942 | D:6      | 4942 ||| UPGRADING to +1 cloak.
  4951 | D:7      | 4951 ||| STAIRDANCE
  4958 | D:7      | 4958 ||| STAIRDANCE
  4960 | D:6      | 4960 ||| Stepping ~*~*~tactically~*~*~ (outnumbered).
  4961 | D:6      | 4961 ||| Stepping ~*~*~tactically~*~*~ (outnumbered).
  4962 | D:6      | 4962 ||| Stepping ~*~*~tactically~*~*~ (outnumbered).
  4963 | D:6      | 4963 ||| Stepping ~*~*~tactically~*~*~ (outnumbered).
  4973 | D:7      | 4973 ||| STAIRDANCE
  4980 | D:7      | 4980 ||| STAIRDANCE
  5036 | D:7      | 5036 ||| STAIRDANCE
  5042 | D:6      | Reached skill level 12 in Unarmed Combat
  5056 | D:7      | 5056 ||| STAIRDANCE
  5109 | D:7      | 5109 ||| Stepping ~*~*~tactically~*~*~ (outnumbered).
  5110 | D:7      | 5110 ||| Stepping ~*~*~tactically~*~*~ (outnumbered).
  5111 | D:7      | 5111 ||| Stepping ~*~*~tactically~*~*~ (outnumbered).
  5113 | D:7      | 5113 ||| Stepping ~*~*~tactically~*~*~ (outnumbered).
  5114 | D:7      | 5114 ||| Stepping ~*~*~tactically~*~*~ (outnumbered).
  5131 | D:7      | 5131 ||| Stepping ~*~*~tactically~*~*~ (stealth).
  5185 | D:7      | 5185 ||| Stepping ~*~*~tactically~*~*~ (hiding).
  5230 | D:7      | Noticed a deep elf pyromancer
  5231 | D:7      | 5231 ||| Stepping ~*~*~tactically~*~*~ (hiding).
  5241 | D:7      | Killed a deep elf pyromancer
  5255 | D:7      | 5255 ||| Stepping ~*~*~tactically~*~*~ (stealth).
  5332 | D:7      | Identified the +4 glaive of Iggobbuf {elec, Str+2 Int+6}
  5333 | D:7      | 5333 ||| INVOKING Fiery Armour.
  5334 | D:7      | 5334 ||| Stepping ~*~*~tactically~*~*~ (outnumbered).
  5341 | D:7      | Reached skill level 13 in Unarmed Combat
  5346 | D:7      | Reached skill level 1 in Armour
  5346 | D:7      | Reached XP level 10. HP: 56/105 MP: 10/10
  5347 | D:7      | 5347 ||| Stepping ~*~*~tactically~*~*~ (outnumbered).
  5348 | D:7      | 5348 ||| Stepping ~*~*~tactically~*~*~ (outnumbered).
  5352 | D:7      | 5352 ||| Stepping ~*~*~tactically~*~*~ (outnumbered).
  5353 | D:7      | 5353 ||| Stepping ~*~*~tactically~*~*~ (outnumbered).
  5368 | D:7      | 5368 ||| FLEEEEING.
  5369 | D:7      | 5369 ||| FLEEEEING.
  5371 | D:7      | 5371 ||| FLEEEEING.
  5372 | D:7      | 5372 ||| FLEEEEING.
  5373 | D:7      | 5373 ||| FLEEEEING.
  5374 | D:7      | 5374 ||| FLEEEEING.
  5375 | D:7      | 5375 ||| FLEEEEING.
  5376 | D:7      | 5376 ||| FLEEEEING.
  5382 | D:7      | 5382 ||| FLEEEEING.
  5384 | D:7      | 5384 ||| FLEEEEING.
  5385 | D:7      | 5385 ||| FLEEEEING.
  5386 | D:7      | 5386 ||| FLEEEEING.
  5412 | D:7      | 5412 ||| Stepping ~*~*~tactically~*~*~ (stealth).
  5415 | D:7      | 5415 ||| Stepping ~*~*~tactically~*~*~ (stealth).
  5417 | D:7      | 5417 ||| Stepping ~*~*~tactically~*~*~ (stealth).
  5425 | D:7      | 5425 ||| Stepping ~*~*~tactically~*~*~ (outnumbered).
  5515 | D:7      | 5515 ||| Stepping ~*~*~tactically~*~*~ (stealth).
  5517 | D:7      | 5517 ||| Stepping ~*~*~tactically~*~*~ (stealth).
  5641 | D:7      | Found Naqyphum's Jewellery Shop.
  5648 | D:7      | 5648 ||| BUYING amulet of guardian spirit (300 gold).
  5648 | D:7      | Bought an amulet of guardian spirit for 300 gold pieces
  5648 | D:7      | 5648 ||| SHOPLISTING amulet of the acrobat (300 gold, have
                  | 198).
  5648 | D:7      | 5648 ||| SHOPLISTING ring "Luetikk" {Fly Str+6 Int-5 Dex-2
                  | Slay+6} (556 gold, have 198).
  5648 | D:7      | 5648 ||| SHOPLISTING ring of poison resistance (200 gold,
                  | have 198).
  5787 | D:7      | 5787 ||| FLEEEEING.
  6191 | D:7      | 6191 ||| UPGRADING to amulet of guardian spirit.
  6196 | D:7      | 6196 ||| UPGRADING to ring of positive energy.
  6197 | D:7      | 6197 ||| READING 3 scrolls of identify.
  6197 | D:7      | 6197 ||| IDENTIFYING fuming amethyst potion
  6198 | D:7      | 6198 ||| READING 2 scrolls of identify.
  6198 | D:7      | 6198 ||| IDENTIFYING amethyst potion
  6254 | D:8      | Identified the amulet of Kaenimac {RegenMP Will+ Str+3}
  6309 | D:8      | Found a sparkling altar of Nemelex Xobeh.
  6353 | D:8      | 6353 ||| Stepping ~*~*~tactically~*~*~ (stealth).
  6356 | D:8      | 6356 ||| Stepping ~*~*~tactically~*~*~ (hiding).
  6558 | D:8      | Noticed a deep elf pyromancer
  6560 | D:8      | Killed a deep elf pyromancer
  6634 | D:8      | Found an ornate altar of the Wu Jian Council.
  6657 | D:8      | Found a hazy altar of Hepliaklqana.
  6657 | D:8      | Found an ancient bone altar of Kikubaaqudgha.
  6697 | D:8      | Noticed Psyche
  6697 | D:8      | Noticed a gargoyle
  6699 | D:8      | Killed a gargoyle
  6700 | D:8      | Reached skill level 14 in Unarmed Combat
  6703 | D:8      | Killed Psyche
  6756 | D:8      | Found an opulent altar of Gozag.
  6806 | D:8      | 6806 ||| Stepping ~*~*~tactically~*~*~ (stealth).
  6808 | D:8      | 6808 ||| Stepping ~*~*~tactically~*~*~ (stealth).
  6813 | D:8      | 6813 ||| Stepping ~*~*~tactically~*~*~ (hiding).
  6820 | D:8      | 6820 ||| Stepping ~*~*~tactically~*~*~ (hiding).
  6911 | D:8      | 6911 ||| UPGRADING to amulet of Kaenimac {RegenMP Will+
                  | Str+3}.
  6921 | D:8      | 6921 ||| READING 2 scrolls labelled YWEMA FUELU.
  6922 | D:8      | 6922 ||| READING scroll of enchant armour.
  6922 | D:8      | 6922 ||| ENCHANTING +1 cloak.
  7018 | D:9      | 7018 ||| Stepping ~*~*~tactically~*~*~ (outnumbered).
  7065 | D:9      | Reached skill level 6 in Fighting
  7185 | D:9      | 7185 ||| Stepping ~*~*~tactically~*~*~ (outnumbered).
  7186 | D:9      | 7186 ||| Stepping ~*~*~tactically~*~*~ (outnumbered).
  7187 | D:9      | 7187 ||| Stepping ~*~*~tactically~*~*~ (outnumbered).
  7289 | D:9      | Found a white marble altar of Elyvilon.
  7326 | D:9      | 7326 ||| Stepping ~*~*~tactically~*~*~ (outnumbered).
  7327 | D:9      | 7327 ||| Stepping ~*~*~tactically~*~*~ (outnumbered).
  7328 | D:9      | 7328 ||| Stepping ~*~*~tactically~*~*~ (outnumbered).
  7329 | D:9      | 7329 ||| Stepping ~*~*~tactically~*~*~ (outnumbered).
  7331 | D:9      | 7331 ||| Stepping ~*~*~tactically~*~*~ (outnumbered).
  7332 | D:9      | 7332 ||| Stepping ~*~*~tactically~*~*~ (outnumbered).
  7333 | D:9      | 7333 ||| Stepping ~*~*~tactically~*~*~ (outnumbered).
  7334 | D:9      | 7334 ||| Stepping ~*~*~tactically~*~*~ (outnumbered).
  7337 | D:9      | 7337 ||| Stepping ~*~*~tactically~*~*~ (outnumbered).
  7338 | D:9      | 7338 ||| Stepping ~*~*~tactically~*~*~ (outnumbered).
  7339 | D:9      | 7339 ||| Stepping ~*~*~tactically~*~*~ (outnumbered).
  7340 | D:9      | 7340 ||| Stepping ~*~*~tactically~*~*~ (outnumbered).
  7341 | D:9      | 7341 ||| Stepping ~*~*~tactically~*~*~ (outnumbered).
  7342 | D:9      | 7342 ||| INVOKING Fiery Armour.
  7345 | D:9      | HP: 24/98 [wight/+0 trident (1)]
  7348 | D:9      | HP: 10/97 [wight/+0 trident (4)]
  7467 | D:9      | 7467 ||| Stepping ~*~*~tactically~*~*~ (outnumbered).
  7468 | D:9      | 7468 ||| Stepping ~*~*~tactically~*~*~ (outnumbered).
  7469 | D:9      | 7469 ||| Stepping ~*~*~tactically~*~*~ (outnumbered).
  7774 | D:9      | 7774 ||| Stepping ~*~*~tactically~*~*~ (outnumbered).
  7775 | D:9      | 7775 ||| INVOKING Fiery Armour.
  7782 | D:9      | Reached skill level 15 in Unarmed Combat
  7868 | D:9      | 7868 ||| READING scroll labelled NUKHOUSHR XAOL.
  7869 | D:9      | 7869 ||| READING scroll labelled JOOLUX UMIBB.
  7870 | D:9      | 7870 ||| READING 4 scrolls of identify.
  7870 | D:9      | 7870 ||| IDENTIFYING blue potion
  7871 | D:9      | 7871 ||| READING 3 scrolls of identify.
  7871 | D:9      | 7871 ||| IDENTIFYING bubbling coppery potion
  7872 | D:9      | 7872 ||| DRINKING potion of experience.
  7872 | D:9      | Reached XP level 11. HP: 115/115 MP: 11/11
  7873 | D:9      | 7873 ||| READING 2 scrolls of identify.
  7873 | D:9      | 7873 ||| IDENTIFYING grey potion
  7874 | D:9      | 7874 ||| DROPPING potion of magic.
  7889 | D:10     | Entered Level 10 of the Dungeon
  7902 | D:10     | Noticed a two-headed ogre
  7903 | D:10     | 7903 ||| Stepping ~*~*~tactically~*~*~ (stealth).
  7904 | D:10     | 7904 ||| Stepping ~*~*~tactically~*~*~ (stealth).
  7916 | D:10     | 7916 ||| INVOKING Fiery Armour.
  7918 | D:10     | Killed a two-headed ogre
  7919 | D:10     | Reached skill level 3 in Dodging
  8030 | D:10     | 8030 ||| Stepping ~*~*~tactically~*~*~ (stealth).
  8032 | D:10     | 8032 ||| Stepping ~*~*~tactically~*~*~ (stealth).
  8045 | D:10     | Reached XP level 12. HP: 118/125 MP: 12/12
  8070 | D:10     | 8070 ||| INVOKING Fiery Armour.
  8118 | D:10     | 8118 ||| FLEEEEING.
  8119 | D:10     | 8119 ||| FLEEEEING.
  8120 | D:10     | 8120 ||| FLEEEEING.
  8121 | D:10     | 8121 ||| FLEEEEING.
  8138 | D:10     | 8138 ||| Stepping ~*~*~tactically~*~*~ (stealth).
  8142 | D:10     | 8142 ||| Stepping ~*~*~tactically~*~*~ (stealth).
  8144 | D:10     | 8144 ||| Stepping ~*~*~tactically~*~*~ (hiding).
  8147 | D:10     | 8147 ||| Stepping ~*~*~tactically~*~*~ (hiding).
  8148 | D:10     | 8148 ||| Stepping ~*~*~tactically~*~*~ (hiding).
  8219 | D:10     | 8219 ||| INVOKING Fiery Armour.
  8222 | D:10     | 8222 ||| Stepping ~*~*~tactically~*~*~ (outnumbered).
  8223 | D:10     | 8223 ||| Stepping ~*~*~tactically~*~*~ (outnumbered).
  8234 | D:10     | 8234 ||| Stepping ~*~*~tactically~*~*~ (outnumbered).
  8235 | D:10     | 8235 ||| Stepping ~*~*~tactically~*~*~ (outnumbered).
  8236 | D:10     | 8236 ||| Stepping ~*~*~tactically~*~*~ (outnumbered).
  8237 | D:10     | 8237 ||| Stepping ~*~*~tactically~*~*~ (outnumbered).
  8238 | D:10     | 8238 ||| Stepping ~*~*~tactically~*~*~ (outnumbered).
  8321 | D:10     | 8321 ||| Stepping ~*~*~tactically~*~*~ (stealth).
  8329 | D:10     | 8329 ||| Stepping ~*~*~tactically~*~*~ (hiding).
  8330 | D:10     | 8330 ||| Stepping ~*~*~tactically~*~*~ (hiding).
  8387 | D:10     | 8387 ||| Stepping ~*~*~tactically~*~*~ (stealth).
  8390 | D:10     | 8390 ||| Stepping ~*~*~tactically~*~*~ (stealth).
  8392 | D:10     | 8392 ||| Stepping ~*~*~tactically~*~*~ (hiding).
  8410 | D:10     | 8410 ||| Stepping ~*~*~tactically~*~*~ (stealth).
  8421 | D:10     | Found a staircase to the Orcish Mines.
  8454 | D:10     | 8454 ||| INVOKING Fiery Armour.
  8460 | D:10     | 8460 ||| Stepping ~*~*~tactically~*~*~ (cloud).
  8670 | D:10     | Found a staircase to the Lair.
  8728 | D:10     | 8728 ||| Stepping ~*~*~tactically~*~*~ (outnumbered).
  8729 | D:10     | 8729 ||| Stepping ~*~*~tactically~*~*~ (outnumbered).
  8730 | D:10     | 8730 ||| Stepping ~*~*~tactically~*~*~ (outnumbered).
  8731 | D:10     | 8731 ||| Stepping ~*~*~tactically~*~*~ (outnumbered).
  8734 | D:10     | 8734 ||| Stepping ~*~*~tactically~*~*~ (outnumbered).
  8864 | D:10     | 8864 ||| DRINKING 5 potions of curing.
  8864 | D:10     | 8864 ||| (to cure confusion)
  8866 | D:10     | Reached skill level 16 in Unarmed Combat
  8866 | D:10     | 8866 ||| Stepping ~*~*~tactically~*~*~ (outnumbered).
  8869 | D:10     | 8869 ||| Stepping ~*~*~tactically~*~*~ (outnumbered).
  8870 | D:10     | 8870 ||| Stepping ~*~*~tactically~*~*~ (outnumbered).
  8871 | D:10     | 8871 ||| Stepping ~*~*~tactically~*~*~ (outnumbered).
  8872 | D:10     | 8872 ||| Stepping ~*~*~tactically~*~*~ (outnumbered).
  8873 | D:10     | 8873 ||| Stepping ~*~*~tactically~*~*~ (outnumbered).
  8875 | D:10     | 8875 ||| Stepping ~*~*~tactically~*~*~ (outnumbered).
  8876 | D:10     | 8876 ||| Stepping ~*~*~tactically~*~*~ (outnumbered).
  8877 | D:10     | 8877 ||| Stepping ~*~*~tactically~*~*~ (outnumbered).
  8892 | D:10     | 8892 ||| PLANNING LAIR
  8892 | D:10     | 8892 ||| UPGRADING to +0 acid dragon scales.
  8902 | D:10     | 8902 ||| DROPPING +0 robe.
  8903 | D:10     | 8903 ||| UPGRADING to ring of protection from fire.
  8904 | D:10     | 8904 ||| READING scroll labelled HOICRE UKUUTE.
  8904 | D:10     | Identified a scroll of acquirement
  8904 | D:10     | 8904 ||| ACQUIRING ring "Wizoluas" {rPois rC+ Str+10 Dex+3}
  8904 | D:10     | Acquired the ring "Wizoluas" {rPois rC+ Str+10 Dex+3}
  8906 | D:10     | 8906 ||| UPGRADING to ring "Wizoluas" {rPois rC+ Str+10
                  | Dex+3}.
  8908 | D:10     | 8908 ||| DROPPING ring of fire.
  8951 | Lair:1   | Entered Level 1 of the Lair of Beasts
  8963 | Lair:1   | Noticed qw's ghost (novice TrCA)
  8964 | Lair:1   | Found a runed translucent door.
  8977 | Lair:1   | 8977 ||| READING scroll of enchant armour.
  8977 | Lair:1   | 8977 ||| ENCHANTING +0 acid dragon scales.
  9051 | Lair:1   | 9051 ||| Stepping ~*~*~tactically~*~*~ (stealth).
  9053 | Lair:1   | 9053 ||| Stepping ~*~*~tactically~*~*~ (stealth).
  9055 | Lair:1   | 9055 ||| Stepping ~*~*~tactically~*~*~ (stealth).
  9065 | Lair:1   | 9065 ||| Stepping ~*~*~tactically~*~*~ (stealth).
  9067 | Lair:1   | Reached skill level 3 in Armour
  9067 | Lair:1   | 9067 ||| INVOKING Fiery Armour.
  9072 | Lair:1   | 9072 ||| Stepping ~*~*~tactically~*~*~ (outnumbered).
  9086 | Lair:1   | 9086 ||| Stepping ~*~*~tactically~*~*~ (stealth).
  9160 | Lair:1   | 9160 ||| PLANNING CONVERSION TO OKAWARU
  9162 | Lair:1   | 9162 ||| Stepping ~*~*~tactically~*~*~ (outnumbered).
  9414 | D:4      | Fell from the grace of Ignis
  9414 | D:4      | Became a worshipper of Warmaster Okawaru
  9415 | D:4      | 9415 ||| PLANNING LAIR
  9465 | D:4      | 9465 ||| DROPPING amulet of guardian spirit.
 10174 | Lair:1   | 10174 ||| Stepping ~*~*~tactically~*~*~ (outnumbered).
 10175 | Lair:1   | 10175 ||| Stepping ~*~*~tactically~*~*~ (outnumbered).
 10179 | Lair:1   | 10179 ||| Stepping ~*~*~tactically~*~*~ (outnumbered).
 10180 | Lair:1   | 10180 ||| Stepping ~*~*~tactically~*~*~ (outnumbered).
 10181 | Lair:1   | 10181 ||| Stepping ~*~*~tactically~*~*~ (outnumbered).
 10182 | Lair:1   | 10182 ||| Stepping ~*~*~tactically~*~*~ (outnumbered).
 10183 | Lair:1   | 10183 ||| Stepping ~*~*~tactically~*~*~ (outnumbered).
 10185 | Lair:1   | 10185 ||| Stepping ~*~*~tactically~*~*~ (outnumbered).
 10186 | Lair:1   | 10186 ||| Stepping ~*~*~tactically~*~*~ (outnumbered).
 10187 | Lair:1   | 10187 ||| Stepping ~*~*~tactically~*~*~ (outnumbered).
 10188 | Lair:1   | 10188 ||| Stepping ~*~*~tactically~*~*~ (outnumbered).
 10464 | Lair:1   | You fall into a shaft and drop 1 floor!
 10555 | Lair:2   | Found a staircase to the Snake Pit.
 10556 | Lair:2   | 10556 ||| Stepping ~*~*~tactically~*~*~ (hiding).
 10564 | Lair:2   | 10564 ||| Stepping ~*~*~tactically~*~*~ (hiding).
 10575 | Lair:2   | 10575 ||| Stepping ~*~*~tactically~*~*~ (hiding).
 10577 | Lair:2   | 10577 ||| Stepping ~*~*~tactically~*~*~ (hiding).
 10698 | Lair:2   | Reached * piety under Okawaru
 10770 | Lair:2   | 10770 ||| DROPPING ring of protection from cold.
 10771 | Lair:2   | 10771 ||| UPGRADING to +6 ring of strength.
 10773 | Lair:2   | 10773 ||| DROPPING ring of wizardry.
 10774 | Lair:2   | 10774 ||| DROPPING ring of positive energy.
 10775 | Lair:2   | 10775 ||| UPGRADING to ring of see invisible.
 10777 | Lair:2   | 10777 ||| DROPPING ring of ice.
 10778 | Lair:2   | 10778 ||| READING scroll labelled DONODGH HUSACUU.
 10779 | Lair:2   | 10779 ||| READING 2 scrolls of identify.
 10779 | Lair:2   | 10779 ||| IDENTIFYING metallic grey potion
 10872 | Lair:1   | 10872 ||| DRINKING 7 potions of curing.
 10872 | Lair:1   | 10872 ||| (to cure confusion)
 10974 | Lair:1   | 10974 ||| READING 3 scrolls of teleportation.
 11032 | Lair:2   | 11032 ||| Stepping ~*~*~tactically~*~*~ (stealth).
 11033 | Lair:2   | 11033 ||| Stepping ~*~*~tactically~*~*~ (stealth).
 11034 | Lair:2   | 11034 ||| INVOKING Heroism.
 11038 | Lair:2   | Reached skill level 1 in Invocations
 11042 | Lair:2   | 11042 ||| Stepping ~*~*~tactically~*~*~ (outnumbered).
 11051 | Lair:2   | 11051 ||| INVOKING Heroism.
 11073 | Lair:2   | Was forgiven by Ignis
 11079 | Lair:2   | 11079 ||| INVOKING Heroism.
 11090 | Lair:2   | 11090 ||| Stepping ~*~*~tactically~*~*~ (stealth).
 11092 | Lair:2   | 11092 ||| Stepping ~*~*~tactically~*~*~ (stealth).
 11093 | Lair:2   | 11093 ||| Stepping ~*~*~tactically~*~*~ (stealth).
 11094 | Lair:2   | 11094 ||| Stepping ~*~*~tactically~*~*~ (stealth).
 11095 | Lair:2   | 11095 ||| Stepping ~*~*~tactically~*~*~ (stealth).
 11096 | Lair:2   | 11096 ||| Stepping ~*~*~tactically~*~*~ (stealth).
 11097 | Lair:2   | 11097 ||| Stepping ~*~*~tactically~*~*~ (stealth).
 11098 | Lair:2   | 11098 ||| Stepping ~*~*~tactically~*~*~ (stealth).
 11099 | Lair:2   | 11099 ||| Stepping ~*~*~tactically~*~*~ (stealth).
 11429 | Lair:2   | Found a staircase to the Swamp.
 11431 | Lair:2   | 11431 ||| INVOKING Heroism.
 11467 | Lair:2   | 11467 ||| Stepping ~*~*~tactically~*~*~ (hiding).
 11468 | Lair:2   | 11468 ||| Stepping ~*~*~tactically~*~*~ (hiding).
 11474 | Lair:2   | 11474 ||| INVOKING Heroism.
 11478 | Lair:2   | Reached skill level 3 in Invocations
 11735 | Lair:2   | 11735 ||| DROPPING ring of magical power.
 11736 | Lair:2   | 11736 ||| READING scroll labelled ANIH YBBAD.
 11926 | Lair:3   | Noticed Gastronok
 11927 | Lair:3   | 11927 ||| INVOKING Heroism.
 11928 | Lair:3   | 11928 ||| STAIRDANCE
 11932 | Lair:2   | Reached XP level 13. HP: 127/136 MP: 14/14
 11942 | Lair:3   | 11942 ||| INVOKING Heroism.
 11956 | Lair:3   | Killed Gastronok
 11956 | Lair:3   | Reached ** piety under Okawaru
 11957 | Lair:3   | Reached skill level 17 in Unarmed Combat
 11997 | Lair:3   | 11997 ||| INVOKING Heroism.
 12016 | Lair:3   | 12016 ||| INVOKING Heroism.
 12017 | Lair:3   | 12017 ||| Stepping ~*~*~tactically~*~*~ (outnumbered).
 12018 | Lair:3   | 12018 ||| Stepping ~*~*~tactically~*~*~ (outnumbered).
 12019 | Lair:3   | 12019 ||| Stepping ~*~*~tactically~*~*~ (outnumbered).
 12020 | Lair:3   | 12020 ||| Stepping ~*~*~tactically~*~*~ (outnumbered).
 12021 | Lair:3   | 12021 ||| Stepping ~*~*~tactically~*~*~ (outnumbered).
 12022 | Lair:3   | 12022 ||| Stepping ~*~*~tactically~*~*~ (outnumbered).
 12023 | Lair:3   | 12023 ||| Stepping ~*~*~tactically~*~*~ (outnumbered).
 12024 | Lair:3   | 12024 ||| Stepping ~*~*~tactically~*~*~ (outnumbered).
 12025 | Lair:3   | 12025 ||| Stepping ~*~*~tactically~*~*~ (outnumbered).
 12026 | Lair:3   | 12026 ||| Stepping ~*~*~tactically~*~*~ (outnumbered).
 12027 | Lair:3   | 12027 ||| Stepping ~*~*~tactically~*~*~ (outnumbered).
 12028 | Lair:3   | 12028 ||| Stepping ~*~*~tactically~*~*~ (outnumbered).
 12029 | Lair:3   | 12029 ||| INVOKING Heroism.
 12030 | Lair:3   | 12030 ||| Stepping ~*~*~tactically~*~*~ (outnumbered).
 12030 | Lair:3   | Noticed Amaemon
 12031 | Lair:3   | 12031 ||| Stepping ~*~*~tactically~*~*~ (outnumbered).
 12032 | Lair:3   | 12032 ||| Stepping ~*~*~tactically~*~*~ (outnumbered).
 12033 | Lair:3   | 12033 ||| Stepping ~*~*~tactically~*~*~ (outnumbered).
 12034 | Lair:3   | 12034 ||| Stepping ~*~*~tactically~*~*~ (outnumbered).
 12035 | Lair:3   | 12035 ||| Stepping ~*~*~tactically~*~*~ (outnumbered).
 12036 | Lair:3   | 12036 ||| Stepping ~*~*~tactically~*~*~ (outnumbered).
 12038 | Lair:3   | 12038 ||| Stepping ~*~*~tactically~*~*~ (outnumbered).
 12039 | Lair:3   | 12039 ||| Stepping ~*~*~tactically~*~*~ (outnumbered).
 12040 | Lair:3   | Killed Amaemon
 12042 | Lair:3   | 12042 ||| Stepping ~*~*~tactically~*~*~ (outnumbered).
 12050 | Lair:3   | HP: 33/136 [orange demon[Amaemon] (6)]
 12051 | Lair:3   | 12051 ||| READING 2 scrolls of teleportation.
 12051 | Lair:3   | HP: 13/136 [orange demon[Amaemon] (10)]
 12052 | Lair:3   | 12052 ||| DRINKING potion of heal wounds.
 12056 | Lair:3   | 12056 ||| INVOKING Heroism.
 12058 | Lair:3   | 12058 ||| READING scroll of teleportation.
 12058 | Lair:3   | HP: 32/136 [yak (2)]
 12059 | Lair:3   | 12059 ||| Stepping ~*~*~tactically~*~*~ (outnumbered).
 12060 | Lair:3   | 12060 ||| Stepping ~*~*~tactically~*~*~ (outnumbered).
 12061 | Lair:3   | 12061 ||| Stepping ~*~*~tactically~*~*~ (outnumbered).
 12214 | Lair:3   | 12214 ||| INVOKING Heroism.
 12225 | Lair:3   | HP: 32/136 [11-headed hydra (5)]
 12500 | Lair:3   | 12500 ||| Stepping ~*~*~tactically~*~*~ (stealth).
 12501 | Lair:3   | 12501 ||| INVOKING Heroism.
 12517 | Lair:3   | 12517 ||| Stepping ~*~*~tactically~*~*~ (stealth).
 12519 | Lair:3   | 12519 ||| Stepping ~*~*~tactically~*~*~ (stealth).
 12520 | Lair:3   | 12520 ||| Stepping ~*~*~tactically~*~*~ (stealth).
 12523 | Lair:3   | 12523 ||| Stepping ~*~*~tactically~*~*~ (stealth).
 12532 | Lair:3   | 12532 ||| INVOKING Heroism.
 12553 | Lair:3   | 12553 ||| Stepping ~*~*~tactically~*~*~ (outnumbered).
 12554 | Lair:3   | 12554 ||| Stepping ~*~*~tactically~*~*~ (outnumbered).
 12572 | Lair:3   | 12572 ||| INVOKING Heroism.
 12573 | Lair:3   | 12573 ||| Stepping ~*~*~tactically~*~*~ (stealth).
 12577 | Lair:3   | 12577 ||| Stepping ~*~*~tactically~*~*~ (stealth).
 12579 | Lair:3   | 12579 ||| Stepping ~*~*~tactically~*~*~ (stealth).
 12745 | Lair:3   | 12745 ||| Stepping ~*~*~tactically~*~*~ (stealth).
 12746 | Lair:3   | 12746 ||| Stepping ~*~*~tactically~*~*~ (stealth).
 13154 | Lair:4   | 13154 ||| Stepping ~*~*~tactically~*~*~ (stealth).
 13181 | Lair:4   | 13181 ||| Stepping ~*~*~tactically~*~*~ (stealth).
 13268 | Lair:4   | 13268 ||| INVOKING Heroism.
 13280 | Lair:4   | Reached skill level 18 in Unarmed Combat
 13386 | Lair:4   | 13386 ||| INVOKING Heroism.
 13390 | Lair:4   | 13390 ||| Stepping ~*~*~tactically~*~*~ (outnumbered).
 13391 | Lair:4   | 13391 ||| Stepping ~*~*~tactically~*~*~ (cloud).
 13392 | Lair:4   | 13392 ||| Stepping ~*~*~tactically~*~*~ (outnumbered).
 13393 | Lair:4   | 13393 ||| Stepping ~*~*~tactically~*~*~ (outnumbered).
 13394 | Lair:4   | 13394 ||| Stepping ~*~*~tactically~*~*~ (outnumbered).
 13396 | Lair:4   | 13396 ||| Stepping ~*~*~tactically~*~*~ (outnumbered).
 13404 | Lair:4   | 13404 ||| Stepping ~*~*~tactically~*~*~ (cloud).
 13408 | Lair:4   | Reached *** piety under Okawaru
 13416 | Lair:4   | 13416 ||| INVOKING Heroism.
 13518 | Lair:4   | 13518 ||| INVOKING Heroism.
 13566 | Lair:4   | 13566 ||| Stepping ~*~*~tactically~*~*~ (stealth).
 13574 | Lair:4   | 13574 ||| Stepping ~*~*~tactically~*~*~ (outnumbered).
 13575 | Lair:4   | 13575 ||| Stepping ~*~*~tactically~*~*~ (outnumbered).
 13588 | Lair:4   | 13588 ||| Stepping ~*~*~tactically~*~*~ (stealth).
 13590 | Lair:4   | 13590 ||| Stepping ~*~*~tactically~*~*~ (stealth).
 13592 | Lair:4   | 13592 ||| Stepping ~*~*~tactically~*~*~ (stealth).
 13599 | Lair:4   | 13599 ||| INVOKING Heroism.
 13600 | Lair:4   | 13600 ||| Stepping ~*~*~tactically~*~*~ (stealth).
 13611 | Lair:4   | 13611 ||| Stepping ~*~*~tactically~*~*~ (stealth).
 13619 | Lair:4   | 13619 ||| Stepping ~*~*~tactically~*~*~ (outnumbered).
 13620 | Lair:4   | 13620 ||| Stepping ~*~*~tactically~*~*~ (outnumbered).
 13627 | Lair:4   | 13627 ||| INVOKING Heroism.
 13706 | Lair:4   | Found a staircase to the Slime Pits.
 13706 | Lair:4   | Found a viscous altar of Jiyva.
 13708 | Lair:4   | 13708 ||| INVOKING Heroism.
 13711 | Lair:4   | 13711 ||| Stepping ~*~*~tactically~*~*~ (stealth).
 13718 | Lair:4   | 13718 ||| Stepping ~*~*~tactically~*~*~ (outnumbered).
 13719 | Lair:4   | 13719 ||| Stepping ~*~*~tactically~*~*~ (outnumbered).
 13720 | Lair:4   | 13720 ||| Stepping ~*~*~tactically~*~*~ (outnumbered).
 13721 | Lair:4   | 13721 ||| Stepping ~*~*~tactically~*~*~ (outnumbered).
 13728 | Lair:4   | 13728 ||| Stepping ~*~*~tactically~*~*~ (outnumbered).
 13732 | Lair:4   | 13732 ||| Stepping ~*~*~tactically~*~*~ (outnumbered).
 13815 | Lair:4   | 13815 ||| Stepping ~*~*~tactically~*~*~ (stealth).
 13817 | Lair:4   | 13817 ||| INVOKING Heroism.
 13818 | Lair:4   | 13818 ||| Stepping ~*~*~tactically~*~*~ (stealth).
 13825 | Lair:4   | 13825 ||| Stepping ~*~*~tactically~*~*~ (outnumbered).
 13826 | Lair:4   | 13826 ||| Stepping ~*~*~tactically~*~*~ (outnumbered).
 13851 | Lair:4   | 13851 ||| INVOKING Heroism.
 13900 | Lair:4   | 13900 ||| INVOKING Heroism.
 13909 | Lair:4   | 13909 ||| Stepping ~*~*~tactically~*~*~ (stealth).
 13911 | Lair:4   | 13911 ||| Stepping ~*~*~tactically~*~*~ (stealth).
 14006 | Lair:4   | 14006 ||| Stepping ~*~*~tactically~*~*~ (stealth).
 14011 | Lair:4   | 14011 ||| Stepping ~*~*~tactically~*~*~ (stealth).
 14012 | Lair:4   | 14012 ||| Stepping ~*~*~tactically~*~*~ (stealth).
 14108 | Lair:5   | Entered Level 5 of the Lair of Beasts
 14109 | Lair:5   | 14109 ||| PLANNING GAUNTLET
 14109 | Lair:5   | 14109 ||| STAIRDANCE
 14117 | Lair:5   | 14117 ||| STAIRDANCE
 14119 | Lair:4   | 14119 ||| INVOKING Heroism.
 14154 | Lair:5   | 14154 ||| STAIRDANCE
 14253 | Lair:5   | Found a gate leading to a gauntlet.
 14254 | Lair:5   | 14254 ||| READING 3 scrolls of identify.
 14254 | Lair:5   | 14254 ||| IDENTIFYING bubbling white potion
 14255 | Lair:5   | 14255 ||| DROPPING potion of brilliance.
 14261 | Gauntlet | Entered a Gauntlet
 14261 | Gauntlet | Found a transporter.
 14270 | Gauntlet | Found a transporter.
 14285 | Gauntlet | Found a transporter.
 14287 | Gauntlet | Noticed a green death
 14290 | Gauntlet | Found a transporter.
 14305 | Gauntlet | Found a transporter.
 14324 | Gauntlet | Found a transporter.
 14332 | Gauntlet | Noticed a balrug
 14336 | Gauntlet | Found a transporter.
 14348 | Gauntlet | Found a transporter.
 14360 | Gauntlet | Found a transporter.
 14372 | Gauntlet | Found a transporter.
 14389 | Gauntlet | Found a transporter.
 14406 | Gauntlet | Found a transporter.
 14408 | Gauntlet | Found a transporter.
 14433 | Gauntlet | Found a transporter.
 14435 | Gauntlet | Found a transporter.
 14437 | Gauntlet | Found a transporter.
 14465 | Gauntlet | Found a transporter.
 14545 | Gauntlet | Found a transporter.
 14661 | Gauntlet | 14661 ||| INVOKING Heroism.
 14662 | Gauntlet | 14662 ||| Stepping ~*~*~tactically~*~*~ (outnumbered).
 14701 | Gauntlet | 14701 ||| INVOKING Heroism.
 14769 | Gauntlet | 14769 ||| Stepping ~*~*~tactically~*~*~ (hiding).
 14774 | Gauntlet | Killed a green death
 14801 | Gauntlet | Noticed a minotaur
 14802 | Gauntlet | 14802 ||| Stepping ~*~*~tactically~*~*~ (stealth).
 14806 | Gauntlet | 14806 ||| INVOKING Heroism.
 14813 | Gauntlet | Killed a minotaur
 14937 | Gauntlet | 14937 ||| READING scroll labelled CASUFO IKIECAO.
 14950 | Lair:5   | 14950 ||| PLANNING LAIR
 15005 | Lair:5   | 15005 ||| Stepping ~*~*~tactically~*~*~ (outnumbered).
 15006 | Lair:5   | Reached **** piety under Okawaru
 15040 | Lair:5   | 15040 ||| INVOKING Heroism.
 15048 | Lair:5   | 15048 ||| Stepping ~*~*~tactically~*~*~ (outnumbered).
 15051 | Lair:5   | 15051 ||| Stepping ~*~*~tactically~*~*~ (outnumbered).
 15053 | Lair:5   | Reached skill level 19 in Unarmed Combat
 15061 | Lair:5   | 15061 ||| Stepping ~*~*~tactically~*~*~ (stealth).
 15063 | Lair:5   | Noticed a dire elephant
 15069 | Lair:5   | Reached XP level 14. HP: 149/149 MP: 16/16
 15073 | Lair:5   | Received a gift from Okawaru
 15095 | Lair:5   | Identified the +8 hand axe "Death Rattle" {venom, rElec
                  | Dex+5}
 15344 | Lair:5   | 15344 ||| INVOKING Heroism.
 15585 | Lair:5   | 15585 ||| FLEEEEING.
 15586 | Lair:5   | 15586 ||| FLEEEEING.
 15587 | Lair:5   | 15587 ||| FLEEEEING.
 15591 | Lair:5   | 15591 ||| INVOKING Heroism.
 15871 | Lair:5   | 15871 ||| PLANNING D:1-11
 16050 | D:11     | Noticed Maurice
 16050 | D:11     | Noticed Nergalle
 16054 | D:11     | Noticed Harold
 16056 | D:11     | 16056 ||| INVOKING Heroism.
 16057 | D:11     | Killed Maurice
 16059 | D:11     | Killed Harold
 16062 | D:11     | Killed Nergalle
 16083 | D:11     | 16083 ||| Stepping ~*~*~tactically~*~*~ (stealth).
 16088 | D:11     | Reached skill level 6 in Invocations
 16092 | D:11     | 16092 ||| FLEEEEING.
 16110 | D:11     | 16110 ||| Stepping ~*~*~tactically~*~*~ (stealth).
 16120 | D:11     | 16120 ||| Stepping ~*~*~tactically~*~*~ (stealth).
 16125 | D:11     | 16125 ||| Stepping ~*~*~tactically~*~*~ (stealth).
 16129 | D:11     | 16129 ||| INVOKING Heroism.
 16132 | D:11     | 16132 ||| Stepping ~*~*~tactically~*~*~ (cloud).
 16133 | D:11     | 16133 ||| READING 2 scrolls of teleportation.
 16135 | D:11     | 16135 ||| Stepping ~*~*~tactically~*~*~ (cloud).
 16240 | D:11     | 16240 ||| FLEEEEING.
 16242 | D:11     | 16242 ||| INVOKING Heroism.
 16250 | D:11     | Received a gift from Okawaru
 16283 | D:11     | 16283 ||| Stepping ~*~*~tactically~*~*~ (hiding).
 16297 | D:11     | 16297 ||| INVOKING Heroism.
 16426 | D:11     | 16426 ||| Stepping ~*~*~tactically~*~*~ (hiding).
 16440 | D:11     | 16440 ||| FLEEEEING.
 16456 | D:11     | 16456 ||| Stepping ~*~*~tactically~*~*~ (stealth).
 16548 | D:11     | 16548 ||| Stepping ~*~*~tactically~*~*~ (hiding).
 16650 | D:11     | 16650 ||| PLANNING D
 16650 | D:11     | 16650 ||| UPGRADING to +0 fire dragon scales.
 16737 | D:12     | 16737 ||| INVOKING Heroism.
 16955 | D:12     | 16955 ||| Stepping ~*~*~tactically~*~*~ (stealth).
 16958 | D:12     | 16958 ||| Stepping ~*~*~tactically~*~*~ (outnumbered).
 16960 | D:12     | 16960 ||| INVOKING Heroism.
 17039 | D:12     | 17039 ||| Stepping ~*~*~tactically~*~*~ (hiding).
 17214 | D:12     | Found a portal to a secret trove of treasure.
 17432 | D:13     | Reached ***** piety under Okawaru
 17452 | D:13     | 17452 ||| INVOKING Heroism.
 17453 | D:13     | 17453 ||| INVOKING Finesse.
 17466 | D:13     | Noticed Jorgrun
 17468 | D:13     | 17468 ||| DRINKING 4 potions of cancellation.
 17476 | D:13     | Killed Jorgrun
 17476 | D:13     | Received a gift from Okawaru
 17502 | D:13     | 17502 ||| FLEEEEING.
 17503 | D:13     | 17503 ||| FLEEEEING.
 17505 | D:13     | 17505 ||| FLEEEEING.
 17506 | D:13     | 17506 ||| FLEEEEING.
 17507 | D:13     | 17507 ||| FLEEEEING.
 17508 | D:13     | 17508 ||| FLEEEEING.
 17521 | D:13     | 17521 ||| FLEEEEING.
 17522 | D:13     | 17522 ||| FLEEEEING.
 17523 | D:13     | 17523 ||| FLEEEEING.
 17573 | D:13     | 17573 ||| FLEEEEING.
 17574 | D:13     | 17574 ||| FLEEEEING.
 17575 | D:13     | 17575 ||| FLEEEEING.
 17576 | D:13     | 17576 ||| FLEEEEING.
 17577 | D:13     | 17577 ||| FLEEEEING.
 17578 | D:13     | 17578 ||| FLEEEEING.
 17579 | D:13     | 17579 ||| FLEEEEING.
 17580 | D:13     | 17580 ||| FLEEEEING.
 17581 | D:13     | 17581 ||| FLEEEEING.
 17583 | D:13     | 17583 ||| FLEEEEING.
 17584 | D:13     | 17584 ||| FLEEEEING.
 17585 | D:13     | 17585 ||| FLEEEEING.
 17630 | D:13     | Found Loraiche's Magic Scroll Boutique.
 17631 | D:13     | Found a frozen archway.
 17648 | D:13     | 17648 ||| BUYING scroll of acquirement (884 gold).
 17648 | D:13     | Bought a scroll of acquirement for 884 gold pieces
 17648 | D:13     | 17648 ||| BUYING scroll of enchant armour (127 gold).
 17648 | D:13     | Bought a scroll of enchant armour for 127 gold pieces
 17648 | D:13     | 17648 ||| BUYING scroll of enchant armour (127 gold).
 17648 | D:13     | Bought a scroll of enchant armour for 127 gold pieces
 17648 | D:13     | 17648 ||| BUYING scroll of identify (34 gold).
 17648 | D:13     | Bought a scroll of identify for 34 gold pieces
 17648 | D:13     | 17648 ||| BUYING scroll of teleportation (51 gold).
 17648 | D:13     | Bought a scroll of teleportation for 51 gold pieces
 17648 | D:13     | 17648 ||| READING scroll of acquirement.
 17648 | D:13     | 17648 ||| ACQUIRING +8 troll leather armour "Kuzxocui"
                  | {rN++ Regen+ Dex+2}
 17648 | D:13     | Acquired the +8 troll leather armour "Kuzxocui" {rN++
                  | Regen+ Dex+2}
 17650 | D:13     | 17650 ||| DROPPING +1 acid dragon scales.
 17651 | D:13     | 17651 ||| READING 2 scrolls of enchant armour.
 17651 | D:13     | 17651 ||| ENCHANTING +0 fire dragon scales.
 17652 | D:13     | 17652 ||| READING scroll of enchant armour.
 17652 | D:13     | 17652 ||| ENCHANTING +1 fire dragon scales.
 17842 | D:13     | Noticed Rupert
 17843 | D:13     | 17843 ||| INVOKING Heroism.
 17852 | D:13     | 17852 ||| Stepping ~*~*~tactically~*~*~ (outnumbered).
 17853 | D:13     | 17853 ||| Stepping ~*~*~tactically~*~*~ (outnumbered).
 17854 | D:13     | Killed Rupert
 17934 | D:13     | Found a gate to the Vaults.
 17977 | D:13     | 17977 ||| UPGRADING to +8 troll leather armour "Kuzxocui"
                  | {rN++ Regen+ Dex+2}.
 17987 | D:13     | 17987 ||| DROPPING ring of flight.
 18080 | D:14     | Identified the +4 halberd "Vaunlij" {pain, rCorr Str+4}
 18100 | D:14     | 18100 ||| Stepping ~*~*~tactically~*~*~ (stealth).
 18145 | D:14     | Found a broken altar of Ashenzari.
 18148 | D:14     | 18148 ||| Stepping ~*~*~tactically~*~*~ (stealth).
 18149 | D:14     | 18149 ||| INVOKING Heroism.
 18151 | D:14     | Identified the +1 cloak of Life {rElec Int-3 Stlth+}
                  | (Okawaru gifted it to you on level 14 of the Dungeon)
 18151 | D:14     | Received a gift from Okawaru
 18156 | D:14     | 18156 ||| Stepping ~*~*~tactically~*~*~ (outnumbered).
 18157 | D:14     | 18157 ||| Stepping ~*~*~tactically~*~*~ (outnumbered).
 18159 | D:14     | 18159 ||| Stepping ~*~*~tactically~*~*~ (outnumbered).
 18168 | D:14     | 18168 ||| READING 4 scrolls of teleportation.
 18178 | D:14     | 18178 ||| Stepping ~*~*~tactically~*~*~ (stealth).
 18181 | D:14     | 18181 ||| Stepping ~*~*~tactically~*~*~ (stealth).
 18182 | D:14     | 18182 ||| FLEEEEING.
 18183 | D:14     | 18183 ||| Stepping ~*~*~tactically~*~*~ (hiding).
 18184 | D:14     | 18184 ||| Stepping ~*~*~tactically~*~*~ (stealth).
 18185 | D:14     | 18185 ||| INVOKING Heroism.
 18186 | D:14     | 18186 ||| INVOKING Finesse.
 18289 | D:14     | 18289 ||| INVOKING Heroism.
 18292 | D:14     | 18292 ||| Stepping ~*~*~tactically~*~*~ (hiding).
 18293 | D:14     | 18293 ||| Stepping ~*~*~tactically~*~*~ (hiding).
 18296 | D:14     | 18296 ||| Stepping ~*~*~tactically~*~*~ (outnumbered).
 18302 | D:14     | 18302 ||| Stepping ~*~*~tactically~*~*~ (outnumbered).
 18304 | D:14     | 18304 ||| Stepping ~*~*~tactically~*~*~ (outnumbered).
 18306 | D:14     | Reached skill level 9 in Fighting
 18315 | D:14     | 18315 ||| Stepping ~*~*~tactically~*~*~ (outnumbered).
 18318 | D:14     | 18318 ||| Stepping ~*~*~tactically~*~*~ (outnumbered).
 18373 | D:14     | 18373 ||| INVOKING Heroism.
 18405 | D:14     | Found a bloodstained altar of Trog.
 18505 | D:14     | 18505 ||| INVOKING Heroism.
 18511 | D:14     | 18511 ||| READING 4 scrolls of teleportation.
 18513 | D:14     | 18513 ||| Stepping ~*~*~tactically~*~*~ (outnumbered).
 18514 | D:14     | 18514 ||| Stepping ~*~*~tactically~*~*~ (outnumbered).
 18515 | D:14     | 18515 ||| Stepping ~*~*~tactically~*~*~ (outnumbered).
 18551 | D:14     | 18551 ||| Stepping ~*~*~tactically~*~*~ (stealth).
 18556 | D:14     | 18556 ||| Stepping ~*~*~tactically~*~*~ (stealth).
 18564 | D:14     | 18564 ||| Stepping ~*~*~tactically~*~*~ (outnumbered).
 18565 | D:14     | 18565 ||| Stepping ~*~*~tactically~*~*~ (outnumbered).
 18581 | D:14     | 18581 ||| READING scroll of acquirement.
 18581 | D:14     | 18581 ||| ACQUIRING amulet of reflection
 18581 | D:14     | Acquired an amulet of reflection
 18583 | D:14     | 18583 ||| DROPPING amulet of regeneration.
 18671 | D:14     | 18671 ||| UPGRADING to +0 kite shield.
 18676 | D:14     | 18676 ||| UPGRADING to +1 cloak of Life {rElec Int-3
                  | Stlth+}.
 18686 | D:14     | 18686 ||| DROPPING +2 cloak.
 18687 | D:14     | 18687 ||| DROPPING amulet of magic regeneration.
 18688 | D:14     | 18688 ||| UPGRADING to amulet of reflection.
 18698 | D:14     | 18698 ||| DROPPING amulet of Kaenimac {RegenMP Will+
                  | Str+3}.
 18699 | D:14     | 18699 ||| READING 8 scrolls of identify.
 18699 | D:14     | 18699 ||| IDENTIFYING gluggy clear potion
 18700 | D:14     | 18700 ||| DROPPING potion of invisibility.
 18721 | D:15     | Entered Level 15 of the Dungeon
 18733 | D:15     | Reached skill level 9 in Invocations
 18861 | D:15     | 18861 ||| INVOKING Heroism.
 18862 | D:15     | 18862 ||| Stepping ~*~*~tactically~*~*~ (outnumbered).
 18863 | D:15     | 18863 ||| Stepping ~*~*~tactically~*~*~ (hiding).
 18867 | D:15     | 18867 ||| Stepping ~*~*~tactically~*~*~ (outnumbered).
 18869 | D:15     | 18869 ||| Stepping ~*~*~tactically~*~*~ (outnumbered).
 18883 | D:15     | Reached skill level 1 in Shields
 18892 | D:15     | 18892 ||| INVOKING Heroism.
 18947 | D:15     | Reached XP level 15. HP: 160/160 MP: 20/20
 18967 | D:15     | 18967 ||| Stepping ~*~*~tactically~*~*~ (stealth).
 18969 | D:15     | 18969 ||| Stepping ~*~*~tactically~*~*~ (stealth).
 18972 | D:15     | 18972 ||| Stepping ~*~*~tactically~*~*~ (outnumbered).
 18985 | D:15     | 18985 ||| INVOKING Heroism.
 18986 | D:15     | 18986 ||| Stepping ~*~*~tactically~*~*~ (stealth).
 19160 | D:15     | 19160 ||| Stepping ~*~*~tactically~*~*~ (stealth).
 19162 | D:15     | 19162 ||| Stepping ~*~*~tactically~*~*~ (hiding).
 19166 | D:15     | 19166 ||| Stepping ~*~*~tactically~*~*~ (hiding).
 19173 | D:15     | 19173 ||| Stepping ~*~*~tactically~*~*~ (stealth).
 19180 | D:15     | 19180 ||| Stepping ~*~*~tactically~*~*~ (stealth).
 19184 | D:15     | 19184 ||| FLEEEEING.
 19185 | D:15     | 19185 ||| FLEEEEING.
 19186 | D:15     | 19186 ||| FLEEEEING.
 19187 | D:15     | 19187 ||| FLEEEEING.
 19188 | D:15     | 19188 ||| FLEEEEING.
 19190 | D:15     | 19190 ||| FLEEEEING.
 19191 | D:15     | 19191 ||| FLEEEEING.
 19192 | D:15     | 19192 ||| FLEEEEING.
 19193 | D:15     | 19193 ||| FLEEEEING.
 19194 | D:15     | 19194 ||| FLEEEEING.
 19199 | D:15     | 19199 ||| Stepping ~*~*~tactically~*~*~ (outnumbered).
 19237 | D:15     | 19237 ||| INVOKING Heroism.
 19240 | D:15     | Reached skill level 3 in Shields
 19496 | D:15     | Found a staircase to the Depths.
 19497 | D:15     | 19497 ||| INVOKING Heroism.
 19512 | D:15     | HP: 40/160 [ten-headed hydra (12)]
 19513 | D:15     | 19513 ||| READING 3 scrolls of teleportation.
 19513 | D:15     | HP: 11/160 [ten-headed hydra (11)]
 19514 | D:15     | 19514 ||| DRINKING 5 potions of heal wounds.
 19515 | D:15     | 19515 ||| DRINKING 4 potions of heal wounds.
 19612 | D:15     | 19612 ||| Stepping ~*~*~tactically~*~*~ (stealth).
 19617 | D:15     | 19617 ||| INVOKING Heroism.
 19622 | D:15     | Received a gift from Okawaru
 19690 | D:15     | 19690 ||| Stepping ~*~*~tactically~*~*~ (hiding).
 19793 | D:15     | 19793 ||| DRINKING 3 potions of cancellation.
 20213 | D:15     | 20213 ||| PLANNING ORC
 20359 | Orc:1    | Entered Level 1 of the Orcish Mines
 20411 | Orc:1    | 20411 ||| INVOKING Heroism.
 20418 | Orc:1    | 20418 ||| Stepping ~*~*~tactically~*~*~ (outnumbered).
 20419 | Orc:1    | 20419 ||| Stepping ~*~*~tactically~*~*~ (outnumbered).
 20439 | Orc:1    | 20439 ||| Stepping ~*~*~tactically~*~*~ (outnumbered).
 20440 | Orc:1    | 20440 ||| Stepping ~*~*~tactically~*~*~ (outnumbered).
 20441 | Orc:1    | 20441 ||| Stepping ~*~*~tactically~*~*~ (outnumbered).
 20444 | Orc:1    | 20444 ||| Stepping ~*~*~tactically~*~*~ (outnumbered).
 20445 | Orc:1    | 20445 ||| Stepping ~*~*~tactically~*~*~ (outnumbered).
 20446 | Orc:1    | 20446 ||| Stepping ~*~*~tactically~*~*~ (outnumbered).
 20521 | Orc:1    | 20521 ||| INVOKING Heroism.
 20522 | Orc:1    | 20522 ||| Stepping ~*~*~tactically~*~*~ (outnumbered).
 20557 | Orc:1    | 20557 ||| INVOKING Heroism.
 20565 | Orc:1    | 20565 ||| Stepping ~*~*~tactically~*~*~ (outnumbered).
 20566 | Orc:1    | 20566 ||| Stepping ~*~*~tactically~*~*~ (outnumbered).
 20596 | Orc:1    | Noticed Urug
 20597 | Orc:1    | 20597 ||| INVOKING Heroism.
 20605 | Orc:1    | 20605 ||| Stepping ~*~*~tactically~*~*~ (outnumbered).
 20607 | Orc:1    | 20607 ||| Stepping ~*~*~tactically~*~*~ (outnumbered).
 20608 | Orc:1    | 20608 ||| Stepping ~*~*~tactically~*~*~ (outnumbered).
 20609 | Orc:1    | 20609 ||| Stepping ~*~*~tactically~*~*~ (outnumbered).
 20610 | Orc:1    | 20610 ||| Stepping ~*~*~tactically~*~*~ (outnumbered).
 20611 | Orc:1    | 20611 ||| Stepping ~*~*~tactically~*~*~ (outnumbered).
 20612 | Orc:1    | 20612 ||| Stepping ~*~*~tactically~*~*~ (outnumbered).
 20613 | Orc:1    | 20613 ||| Stepping ~*~*~tactically~*~*~ (outnumbered).
 20614 | Orc:1    | 20614 ||| Stepping ~*~*~tactically~*~*~ (outnumbered).
 20615 | Orc:1    | 20615 ||| Stepping ~*~*~tactically~*~*~ (outnumbered).
 20616 | Orc:1    | 20616 ||| Stepping ~*~*~tactically~*~*~ (outnumbered).
 20617 | Orc:1    | 20617 ||| Stepping ~*~*~tactically~*~*~ (outnumbered).
 20622 | Orc:1    | Killed Urug
 20680 | Orc:1    | 20680 ||| Stepping ~*~*~tactically~*~*~ (hiding).
 20782 | Orc:1    | 20782 ||| Stepping ~*~*~tactically~*~*~ (hiding).
 20797 | Orc:1    | 20797 ||| Stepping ~*~*~tactically~*~*~ (stealth).
 20877 | Orc:1    | Found Itixa's Weapon Emporium.
 20934 | Orc:1    | 20934 ||| INVOKING Heroism.
 20936 | Orc:1    | 20936 ||| Stepping ~*~*~tactically~*~*~ (outnumbered).
 20937 | Orc:1    | 20937 ||| Stepping ~*~*~tactically~*~*~ (hiding).
 20951 | Orc:1    | 20951 ||| Stepping ~*~*~tactically~*~*~ (stealth).
 20973 | Orc:1    | 20973 ||| Stepping ~*~*~tactically~*~*~ (stealth).
 21000 | Orc:1    | 21000 ||| INVOKING Heroism.
 21144 | Orc:1    | 21144 ||| READING 2 scrolls of teleportation.
 21163 | Orc:2    | Entered Level 2 of the Orcish Mines
 21224 | Orc:2    | 21224 ||| INVOKING Heroism.
 21230 | Orc:2    | Noticed Sonja
 21233 | Orc:2    | 21233 ||| Stepping ~*~*~tactically~*~*~ (outnumbered).
 21234 | Orc:2    | 21234 ||| Stepping ~*~*~tactically~*~*~ (outnumbered).
 21235 | Orc:2    | 21235 ||| Stepping ~*~*~tactically~*~*~ (outnumbered).
 21236 | Orc:2    | 21236 ||| Stepping ~*~*~tactically~*~*~ (outnumbered).
 21237 | Orc:2    | 21237 ||| Stepping ~*~*~tactically~*~*~ (outnumbered).
 21238 | Orc:2    | 21238 ||| Stepping ~*~*~tactically~*~*~ (outnumbered).
 21239 | Orc:2    | 21239 ||| Stepping ~*~*~tactically~*~*~ (outnumbered).
 21240 | Orc:2    | 21240 ||| Stepping ~*~*~tactically~*~*~ (outnumbered).
 21241 | Orc:2    | 21241 ||| Stepping ~*~*~tactically~*~*~ (outnumbered).
 21242 | Orc:2    | 21242 ||| Stepping ~*~*~tactically~*~*~ (outnumbered).
 21243 | Orc:2    | 21243 ||| Stepping ~*~*~tactically~*~*~ (outnumbered).
 21248 | Orc:2    | Killed Sonja
 21296 | Orc:2    | Noticed an orc warlord
 21297 | Orc:2    | 21297 ||| INVOKING Heroism.
 21305 | Orc:2    | 21305 ||| Stepping ~*~*~tactically~*~*~ (outnumbered).
 21306 | Orc:2    | 21306 ||| Stepping ~*~*~tactically~*~*~ (outnumbered).
 21307 | Orc:2    | 21307 ||| Stepping ~*~*~tactically~*~*~ (outnumbered).
 21308 | Orc:2    | 21308 ||| Stepping ~*~*~tactically~*~*~ (outnumbered).
 21309 | Orc:2    | 21309 ||| Stepping ~*~*~tactically~*~*~ (outnumbered).
 21310 | Orc:2    | 21310 ||| Stepping ~*~*~tactically~*~*~ (outnumbered).
 21311 | Orc:2    | 21311 ||| Stepping ~*~*~tactically~*~*~ (outnumbered).
 21312 | Orc:2    | 21312 ||| Stepping ~*~*~tactically~*~*~ (outnumbered).
 21313 | Orc:2    | 21313 ||| Stepping ~*~*~tactically~*~*~ (outnumbered).
 21316 | Orc:2    | 21316 ||| Stepping ~*~*~tactically~*~*~ (outnumbered).
 21319 | Orc:2    | Killed an orc warlord
 21319 | Orc:2    | Received a gift from Okawaru
 21320 | Orc:2    | Reached skill level 6 in Shields
 21332 | Orc:2    | 21332 ||| Stepping ~*~*~tactically~*~*~ (outnumbered).
 21333 | Orc:2    | 21333 ||| Stepping ~*~*~tactically~*~*~ (outnumbered).
 21370 | Orc:2    | 21370 ||| FLEEEEING.
 21371 | Orc:2    | 21371 ||| FLEEEEING.
 21372 | Orc:2    | 21372 ||| FLEEEEING.
 21373 | Orc:2    | 21373 ||| FLEEEEING.
 21374 | Orc:2    | 21374 ||| FLEEEEING.
 21375 | Orc:2    | 21375 ||| FLEEEEING.
 21376 | Orc:2    | 21376 ||| FLEEEEING.
 21465 | Orc:2    | 21465 ||| INVOKING Heroism.
 21472 | Orc:2    | 21472 ||| Stepping ~*~*~tactically~*~*~ (outnumbered).
 21473 | Orc:2    | 21473 ||| Stepping ~*~*~tactically~*~*~ (outnumbered).
 21476 | Orc:2    | 21476 ||| Stepping ~*~*~tactically~*~*~ (outnumbered).
 21478 | Orc:2    | 21478 ||| Stepping ~*~*~tactically~*~*~ (outnumbered).
 21479 | Orc:2    | 21479 ||| Stepping ~*~*~tactically~*~*~ (outnumbered).
 21480 | Orc:2    | 21480 ||| Stepping ~*~*~tactically~*~*~ (outnumbered).
 21483 | Orc:2    | 21483 ||| Stepping ~*~*~tactically~*~*~ (outnumbered).
 21484 | Orc:2    | 21484 ||| Stepping ~*~*~tactically~*~*~ (outnumbered).
 21487 | Orc:2    | 21487 ||| Stepping ~*~*~tactically~*~*~ (outnumbered).
 21488 | Orc:2    | 21488 ||| Stepping ~*~*~tactically~*~*~ (outnumbered).
 21489 | Orc:2    | 21489 ||| Stepping ~*~*~tactically~*~*~ (outnumbered).
 21490 | Orc:2    | 21490 ||| Stepping ~*~*~tactically~*~*~ (outnumbered).
 21491 | Orc:2    | 21491 ||| Stepping ~*~*~tactically~*~*~ (outnumbered).
 21492 | Orc:2    | 21492 ||| Stepping ~*~*~tactically~*~*~ (outnumbered).
 21493 | Orc:2    | 21493 ||| Stepping ~*~*~tactically~*~*~ (outnumbered).
 21494 | Orc:2    | 21494 ||| Stepping ~*~*~tactically~*~*~ (outnumbered).
 21495 | Orc:2    | 21495 ||| Stepping ~*~*~tactically~*~*~ (outnumbered).
 21498 | Orc:2    | 21498 ||| Stepping ~*~*~tactically~*~*~ (outnumbered).
 21499 | Orc:2    | 21499 ||| Stepping ~*~*~tactically~*~*~ (outnumbered).
 21500 | Orc:2    | 21500 ||| Stepping ~*~*~tactically~*~*~ (outnumbered).
 21501 | Orc:2    | 21501 ||| Stepping ~*~*~tactically~*~*~ (outnumbered).
 21502 | Orc:2    | 21502 ||| Stepping ~*~*~tactically~*~*~ (outnumbered).
 21503 | Orc:2    | 21503 ||| Stepping ~*~*~tactically~*~*~ (outnumbered).
 21505 | Orc:2    | 21505 ||| Stepping ~*~*~tactically~*~*~ (outnumbered).
 21506 | Orc:2    | 21506 ||| Stepping ~*~*~tactically~*~*~ (outnumbered).
 21507 | Orc:2    | 21507 ||| Stepping ~*~*~tactically~*~*~ (outnumbered).
 21508 | Orc:2    | 21508 ||| Stepping ~*~*~tactically~*~*~ (outnumbered).
 21544 | Orc:2    | 21544 ||| INVOKING Heroism.
 21562 | Orc:2    | 21562 ||| Stepping ~*~*~tactically~*~*~ (outnumbered).
 21563 | Orc:2    | 21563 ||| Stepping ~*~*~tactically~*~*~ (outnumbered).
 21564 | Orc:2    | 21564 ||| Stepping ~*~*~tactically~*~*~ (outnumbered).
 21565 | Orc:2    | 21565 ||| Stepping ~*~*~tactically~*~*~ (outnumbered).
 21573 | Orc:2    | 21573 ||| INVOKING Heroism.
 21595 | Orc:2    | Received a gift from Okawaru
 21602 | Orc:2    | Noticed an orc warlord
 21606 | Orc:2    | 21606 ||| Stepping ~*~*~tactically~*~*~ (outnumbered).
 21607 | Orc:2    | 21607 ||| Stepping ~*~*~tactically~*~*~ (outnumbered).
 21608 | Orc:2    | 21608 ||| Stepping ~*~*~tactically~*~*~ (outnumbered).
 21621 | Orc:2    | 21621 ||| Stepping ~*~*~tactically~*~*~ (outnumbered).
 21628 | Orc:2    | Killed an orc warlord
 21634 | Orc:2    | 21634 ||| Stepping ~*~*~tactically~*~*~ (outnumbered).
 21635 | Orc:2    | 21635 ||| Stepping ~*~*~tactically~*~*~ (outnumbered).
 21636 | Orc:2    | 21636 ||| Stepping ~*~*~tactically~*~*~ (outnumbered).
 21637 | Orc:2    | 21637 ||| Stepping ~*~*~tactically~*~*~ (outnumbered).
 21658 | Orc:2    | 21658 ||| Stepping ~*~*~tactically~*~*~ (stealth).
 21665 | Orc:2    | 21665 ||| INVOKING Heroism.
 21670 | Orc:2    | 21670 ||| Stepping ~*~*~tactically~*~*~ (outnumbered).
 21671 | Orc:2    | 21671 ||| Stepping ~*~*~tactically~*~*~ (outnumbered).
 21672 | Orc:2    | 21672 ||| Stepping ~*~*~tactically~*~*~ (outnumbered).
 21673 | Orc:2    | 21673 ||| Stepping ~*~*~tactically~*~*~ (outnumbered).
 21674 | Orc:2    | 21674 ||| Stepping ~*~*~tactically~*~*~ (outnumbered).
 21675 | Orc:2    | 21675 ||| Stepping ~*~*~tactically~*~*~ (outnumbered).
 21676 | Orc:2    | 21676 ||| Stepping ~*~*~tactically~*~*~ (outnumbered).
 21677 | Orc:2    | 21677 ||| Stepping ~*~*~tactically~*~*~ (outnumbered).
 21678 | Orc:2    | 21678 ||| Stepping ~*~*~tactically~*~*~ (outnumbered).
 21679 | Orc:2    | 21679 ||| Stepping ~*~*~tactically~*~*~ (outnumbered).
 21680 | Orc:2    | 21680 ||| Stepping ~*~*~tactically~*~*~ (outnumbered).
 21681 | Orc:2    | 21681 ||| Stepping ~*~*~tactically~*~*~ (outnumbered).
 21682 | Orc:2    | 21682 ||| Stepping ~*~*~tactically~*~*~ (outnumbered).
 21683 | Orc:2    | 21683 ||| Stepping ~*~*~tactically~*~*~ (outnumbered).
 21685 | Orc:2    | 21685 ||| Stepping ~*~*~tactically~*~*~ (outnumbered).
 21686 | Orc:2    | 21686 ||| Stepping ~*~*~tactically~*~*~ (outnumbered).
 21687 | Orc:2    | 21687 ||| Stepping ~*~*~tactically~*~*~ (outnumbered).
 21688 | Orc:2    | 21688 ||| Stepping ~*~*~tactically~*~*~ (outnumbered).
 21689 | Orc:2    | 21689 ||| Stepping ~*~*~tactically~*~*~ (outnumbered).
 21692 | Orc:2    | 21692 ||| Stepping ~*~*~tactically~*~*~ (outnumbered).
 21744 | Orc:2    | 21744 ||| INVOKING Heroism.
 21817 | Orc:2    | 21817 ||| Stepping ~*~*~tactically~*~*~ (stealth).
 21818 | Orc:2    | 21818 ||| Stepping ~*~*~tactically~*~*~ (stealth).
 21819 | Orc:2    | 21819 ||| Stepping ~*~*~tactically~*~*~ (stealth).
 21827 | Orc:2    | 21827 ||| INVOKING Heroism.
 21857 | Orc:2    | Found Hiefyjes's General Store.
 21858 | Orc:2    | Found Pacisig's Book Shop.
 21860 | Orc:2    | Found Goporr's Antique Armour Shop.
 21860 | Orc:2    | Found Zowen's Antique Weapon Boutique.
 21880 | Orc:2    | 21880 ||| BUYING scroll of identify (26 gold).
 21880 | Orc:2    | Bought a scroll of identify for 26 gold pieces
 21880 | Orc:2    | 21880 ||| BUYING scroll of teleportation (39 gold).
 21880 | Orc:2    | Bought a scroll of teleportation for 39 gold pieces
 22014 | Orc:2    | 22014 ||| Stepping ~*~*~tactically~*~*~ (stealth).
 22039 | Orc:2    | Found a staircase to the Elven Halls.
 22071 | Orc:2    | Noticed an orc warlord
 22072 | Orc:2    | 22072 ||| Stepping ~*~*~tactically~*~*~ (hiding).
 22079 | Orc:2    | 22079 ||| INVOKING Heroism.
 22087 | Orc:2    | Killed an orc warlord
 22240 | Orc:2    | 22240 ||| PLANNING SNAKE:1-3
 22455 | Snake:1  | Entered Level 1 of the Snake Pit
 22459 | Snake:1  | Identified the +2 robe of Oblivion {Regen+ rCorr Str-2
                  | Dex+6} (Okawaru gifted it to you on level 1 of the Snake
                  | Pit)
 22459 | Snake:1  | Received a gift from Okawaru
 22476 | Snake:1  | Reached skill level 9 in Shields
 22525 | Snake:1  | Found Okkeumar's Assorted Antiques.
 22525 | Snake:1  | Found Noatreub's Distillery.
 22526 | Snake:1  | Found Toahoa's Book Shoppe.
 22530 | Snake:1  | Found Jigg's Distillery.
 22533 | Snake:1  | 22533 ||| BUYING potion of curing (72 gold).
 22533 | Snake:1  | Bought a potion of curing for 72 gold pieces
 22536 | Snake:1  | 22536 ||| BUYING potion of cancellation (136 gold).
 22536 | Snake:1  | Bought a potion of cancellation for 136 gold pieces
 22536 | Snake:1  | 22536 ||| BUYING potion of cancellation (136 gold).
 22536 | Snake:1  | Bought a potion of cancellation for 136 gold pieces
 22536 | Snake:1  | 22536 ||| BUYING potion of curing (51 gold).
 22536 | Snake:1  | Bought a potion of curing for 51 gold pieces
 22536 | Snake:1  | 22536 ||| BUYING potion of heal wounds (85 gold).
 22536 | Snake:1  | Bought a potion of heal wounds for 85 gold pieces
 22536 | Snake:1  | 22536 ||| BUYING potion of heal wounds (85 gold).
 22536 | Snake:1  | Bought a potion of heal wounds for 85 gold pieces
 22536 | Snake:1  | 22536 ||| BUYING potion of might (68 gold).
 22536 | Snake:1  | Bought a potion of might for 68 gold pieces
 22536 | Snake:1  | 22536 ||| BUYING potion of resistance (170 gold).
 22536 | Snake:1  | Bought a potion of resistance for 170 gold pieces
 22539 | Snake:1  | 22539 ||| BUYING potion of curing (45 gold).
 22539 | Snake:1  | Bought a potion of curing for 45 gold pieces
 22539 | Snake:1  | 22539 ||| BUYING potion of curing (45 gold).
 22539 | Snake:1  | Bought a potion of curing for 45 gold pieces
 22539 | Snake:1  | 22539 ||| BUYING potion of haste (150 gold).
 22539 | Snake:1  | Bought a potion of haste for 150 gold pieces
 22539 | Snake:1  | 22539 ||| BUYING potion of heal wounds (75 gold).
 22539 | Snake:1  | Bought a potion of heal wounds for 75 gold pieces
 22539 | Snake:1  | 22539 ||| BUYING potion of might (60 gold).
 22539 | Snake:1  | Bought a potion of might for 60 gold pieces
 22539 | Snake:1  | 22539 ||| BUYING potion of mutation (120 gold).
 22539 | Snake:1  | Bought a potion of mutation for 120 gold pieces
 22547 | Snake:1  | Identified the +1 robe of the Bagpipe {Contam rF++ Will+
                  | SInv}
 22596 | Snake:1  | 22596 ||| Stepping ~*~*~tactically~*~*~ (hiding).
 22603 | Snake:1  | 22603 ||| INVOKING Heroism.
 22606 | Snake:1  | 22606 ||| Stepping ~*~*~tactically~*~*~ (hiding).
 22607 | Snake:1  | 22607 ||| Stepping ~*~*~tactically~*~*~ (hiding).
 22608 | Snake:1  | 22608 ||| Stepping ~*~*~tactically~*~*~ (hiding).
 22613 | Snake:1  | 22613 ||| Stepping ~*~*~tactically~*~*~ (outnumbered).
 22614 | Snake:1  | 22614 ||| Stepping ~*~*~tactically~*~*~ (outnumbered).
 22616 | Snake:1  | 22616 ||| Stepping ~*~*~tactically~*~*~ (outnumbered).
 22623 | Snake:1  | 22623 ||| Stepping ~*~*~tactically~*~*~ (outnumbered).
 22625 | Snake:1  | 22625 ||| Stepping ~*~*~tactically~*~*~ (outnumbered).
 22633 | Snake:1  | 22633 ||| Stepping ~*~*~tactically~*~*~ (outnumbered).
 22635 | Snake:1  | 22635 ||| INVOKING Heroism.
 22686 | Snake:1  | 22686 ||| INVOKING Heroism.
 22687 | Snake:1  | 22687 ||| Stepping ~*~*~tactically~*~*~ (outnumbered).
 22688 | Snake:1  | 22688 ||| Stepping ~*~*~tactically~*~*~ (outnumbered).
 22754 | Snake:1  | 22754 ||| Stepping ~*~*~tactically~*~*~ (hiding).
 22755 | Snake:1  | 22755 ||| Stepping ~*~*~tactically~*~*~ (hiding).
 22757 | Snake:1  | 22757 ||| INVOKING Heroism.
 22761 | Snake:1  | 22761 ||| Stepping ~*~*~tactically~*~*~ (outnumbered).
 22767 | Snake:1  | Reached XP level 16. HP: 144/171 MP: 15/22
 22871 | Snake:1  | 22871 ||| Stepping ~*~*~tactically~*~*~ (hiding).
 22873 | Snake:1  | 22873 ||| INVOKING Heroism.
 22874 | Snake:1  | 22874 ||| Stepping ~*~*~tactically~*~*~ (outnumbered).
 23039 | Snake:1  | 23039 ||| READING 10 scrolls of identify.
 23039 | Snake:1  | 23039 ||| IDENTIFYING lumpy ruby potion
 23040 | Snake:1  | 23040 ||| DROPPING potion of berserk rage.
 23091 | Snake:2  | 23091 ||| Stepping ~*~*~tactically~*~*~ (hiding).
 23099 | Snake:2  | 23099 ||| FLEEEEING.
 23100 | Snake:2  | 23100 ||| FLEEEEING.
 23101 | Snake:2  | 23101 ||| FLEEEEING.
 23102 | Snake:2  | 23102 ||| INVOKING Heroism.
 23188 | Snake:2  | 23188 ||| FLEEEEING.
 23189 | Snake:2  | 23189 ||| FLEEEEING.
 23190 | Snake:2  | 23190 ||| FLEEEEING.
 23251 | Snake:2  | 23251 ||| INVOKING Heroism.
 23274 | Snake:2  | 23274 ||| FLEEEEING.
 23275 | Snake:2  | 23275 ||| FLEEEEING.
 23276 | Snake:2  | 23276 ||| FLEEEEING.
 23288 | Snake:2  | 23288 ||| Stepping ~*~*~tactically~*~*~ (stealth).
 23355 | Snake:2  | 23355 ||| INVOKING Heroism.
 23370 | Snake:2  | Reached skill level 12 in Shields
 23530 | Snake:2  | 23530 ||| Stepping ~*~*~tactically~*~*~ (stealth).
 23532 | Snake:2  | 23532 ||| Stepping ~*~*~tactically~*~*~ (stealth).
 23534 | Snake:2  | 23534 ||| Stepping ~*~*~tactically~*~*~ (stealth).
 23537 | Snake:2  | 23537 ||| Stepping ~*~*~tactically~*~*~ (stealth).
 23539 | Snake:2  | 23539 ||| INVOKING Heroism.
 23540 | Snake:2  | 23540 ||| Stepping ~*~*~tactically~*~*~ (outnumbered).
 23542 | Snake:2  | 23542 ||| Stepping ~*~*~tactically~*~*~ (outnumbered).
 23550 | Snake:2  | Received a gift from Okawaru
 23589 | Snake:2  | 23589 ||| Stepping ~*~*~tactically~*~*~ (hiding).
 23594 | Snake:2  | 23594 ||| INVOKING Heroism.
 23607 | Snake:2  | 23607 ||| Stepping ~*~*~tactically~*~*~ (hiding).
 23841 | Snake:2  | 23841 ||| INVOKING Heroism.
 24129 | Snake:3  | 24129 ||| Stepping ~*~*~tactically~*~*~ (stealth).
 24132 | Snake:3  | 24132 ||| INVOKING Heroism.
 24172 | Snake:3  | 24172 ||| INVOKING Heroism.
 24177 | Snake:3  | Noticed Vashnia
 24178 | Snake:3  | 24178 ||| INVOKING Finesse.
 24195 | Snake:3  | 24195 ||| Stepping ~*~*~tactically~*~*~ (outnumbered).
 24196 | Snake:3  | 24196 ||| Stepping ~*~*~tactically~*~*~ (outnumbered).
 24202 | Snake:3  | HP: 29/171 [naga/+0 halberd (19)]
 24203 | Snake:3  | 24203 ||| READING 2 scrolls of teleportation.
 24204 | Snake:3  | 24204 ||| DRINKING 6 potions of heal wounds.
 24207 | Snake:3  | Found a stormy altar of Qazlal.
 24354 | Snake:3  | Found a runed translucent door.
 24358 | Snake:3  | Noticed Tuffe's ghost (adept FoFi)
 24660 | Snake:3  | 24660 ||| Stepping ~*~*~tactically~*~*~ (hiding).
 24666 | Snake:3  | 24666 ||| Stepping ~*~*~tactically~*~*~ (hiding).
 24716 | Snake:3  | 24716 ||| INVOKING Heroism.
 24734 | Snake:3  | Received a gift from Okawaru
 24735 | Snake:3  | Reached skill level 20 in Unarmed Combat
 24966 | Snake:3  | 24966 ||| INVOKING Heroism.
 24971 | Snake:3  | 24971 ||| INVOKING Finesse.
 24993 | Snake:3  | Killed Vashnia
 24993 | Snake:3  | Received a gift from Okawaru
 25572 | Snake:3  | 25572 ||| INVOKING Heroism.
 25597 | Snake:3  | 25597 ||| Stepping ~*~*~tactically~*~*~ (hiding).
 25598 | Snake:3  | 25598 ||| Stepping ~*~*~tactically~*~*~ (hiding).
 25606 | Snake:3  | 25606 ||| INVOKING Heroism.
 25736 | Snake:3  | 25736 ||| READING 3 scrolls of teleportation.
 25737 | Snake:3  | 25737 ||| PLANNING SWAMP:1-3
 25874 | Swamp:1  | Entered Level 1 of the Swamp
 25875 | Swamp:1  | 25875 ||| INVOKING Heroism.
 25910 | Swamp:1  | 25910 ||| INVOKING Heroism.
 25911 | Swamp:1  | 25911 ||| INVOKING Finesse.
 25912 | Swamp:1  | 25912 ||| INVOKING Finesse.
 25917 | Swamp:1  | Reached skill level 9 in Throwing
 25917 | Swamp:1  | 25917 ||| Stepping randomly (cloudy).
 25989 | Swamp:1  | 25989 ||| Stepping ~*~*~tactically~*~*~ (stealth).
 25991 | Swamp:1  | 25991 ||| INVOKING Heroism.
 25994 | Swamp:1  | 25994 ||| INVOKING Finesse.
 26002 | Swamp:1  | Received a gift from Okawaru
 26049 | Swamp:1  | 26049 ||| Stepping ~*~*~tactically~*~*~ (stealth).
 26064 | Swamp:1  | 26064 ||| Stepping ~*~*~tactically~*~*~ (hiding).
 26067 | Swamp:1  | 26067 ||| Stepping ~*~*~tactically~*~*~ (hiding).
 26093 | Swamp:1  | 26093 ||| Stepping ~*~*~tactically~*~*~ (stealth).
 26095 | Swamp:1  | 26095 ||| Stepping ~*~*~tactically~*~*~ (stealth).
 26156 | Swamp:1  | 26156 ||| INVOKING Heroism.
 26261 | Swamp:1  | 26261 ||| INVOKING Heroism.
 26262 | Swamp:1  | 26262 ||| INVOKING Finesse.
 26265 | Swamp:1  | Received a gift from Okawaru
 26278 | Swamp:1  | Reached skill level 6 in Dodging
 26278 | Swamp:1  | Reached XP level 17. HP: 133/178 MP: 16/23
 26603 | Swamp:2  | 26603 ||| INVOKING Heroism.
 26622 | Swamp:2  | 26622 ||| Stepping ~*~*~tactically~*~*~ (outnumbered).
 26623 | Swamp:2  | 26623 ||| Stepping ~*~*~tactically~*~*~ (outnumbered).
 26634 | Swamp:2  | Received a gift from Okawaru
 26691 | Swamp:2  | 26691 ||| FLEEEEING.
 26692 | Swamp:2  | 26692 ||| FLEEEEING.
 26693 | Swamp:2  | 26693 ||| FLEEEEING.
 26694 | Swamp:2  | 26694 ||| FLEEEEING.
 26695 | Swamp:2  | 26695 ||| FLEEEEING.
 26696 | Swamp:2  | 26696 ||| FLEEEEING.
 26697 | Swamp:2  | 26697 ||| FLEEEEING.
 26698 | Swamp:2  | 26698 ||| FLEEEEING.
 26789 | Swamp:2  | Identified Roxanne's Omnibus of Transformation
 26789 | Swamp:2  | Noticed Roxanne
 26790 | Swamp:2  | 26790 ||| INVOKING Heroism.
 26798 | Swamp:2  | Killed Roxanne
 26801 | Swamp:2  | 26801 ||| Stepping ~*~*~tactically~*~*~ (outnumbered).
 26834 | Swamp:2  | 26834 ||| INVOKING Heroism.
 26991 | Swamp:2  | 26991 ||| Stepping ~*~*~tactically~*~*~ (stealth).
 26993 | Swamp:2  | 26993 ||| Stepping ~*~*~tactically~*~*~ (hiding).
 27172 | Swamp:3  | 27172 ||| INVOKING Heroism.
 27195 | Swamp:3  | 27195 ||| Stepping ~*~*~tactically~*~*~ (stealth).
 27227 | Swamp:3  | 27227 ||| Stepping ~*~*~tactically~*~*~ (stealth).
 27229 | Swamp:3  | 27229 ||| Stepping ~*~*~tactically~*~*~ (stealth).
 27232 | Swamp:3  | 27232 ||| Stepping ~*~*~tactically~*~*~ (stealth).
 27233 | Swamp:3  | 27233 ||| Stepping ~*~*~tactically~*~*~ (stealth).
 27234 | Swamp:3  | 27234 ||| Stepping ~*~*~tactically~*~*~ (stealth).
 27235 | Swamp:3  | 27235 ||| Stepping ~*~*~tactically~*~*~ (stealth).
 27236 | Swamp:3  | 27236 ||| Stepping ~*~*~tactically~*~*~ (stealth).
 27241 | Swamp:3  | 27241 ||| FLEEEEING.
 27243 | Swamp:3  | 27243 ||| FLEEEEING.
 27282 | Swamp:3  | 27282 ||| INVOKING Heroism.
 27286 | Swamp:3  | 27286 ||| Stepping ~*~*~tactically~*~*~ (outnumbered).
 27287 | Swamp:3  | 27287 ||| Stepping ~*~*~tactically~*~*~ (outnumbered).
 27288 | Swamp:3  | 27288 ||| Stepping ~*~*~tactically~*~*~ (outnumbered).
 27313 | Swamp:3  | Reached skill level 21 in Unarmed Combat
 27314 | Swamp:3  | HP: 32/178 [spore (40)]
 27315 | Swamp:3  | 27315 ||| READING 5 scrolls of teleportation.
 27315 | Swamp:3  | HP: 11/178 [swamp worm (19)]
 27316 | Swamp:3  | 27316 ||| DRINKING 7 potions of heal wounds.
 27317 | Swamp:3  | 27317 ||| DRINKING 6 potions of heal wounds.
 27318 | Swamp:3  | 27318 ||| Stepping ~*~*~tactically~*~*~ (outnumbered).
 27335 | Swamp:3  | 27335 ||| INVOKING Heroism.
 27343 | Swamp:3  | Received a gift from Okawaru
 27440 | Swamp:3  | Identified the +7 halberd of the Vestibule of Hell {flame,
                  | rF+ Int+2}
 27703 | Swamp:3  | 27703 ||| PLANNING SNAKE:4
 27703 | Swamp:3  | 27703 ||| UPGRADING to +1 hat.
 27708 | Swamp:3  | 27708 ||| READING scroll of enchant armour.
 27708 | Swamp:3  | 27708 ||| ENCHANTING +1 hat.
 27865 | Snake:4  | Entered Level 4 of the Snake Pit
 27867 | Snake:4  | Noticed Aizul
 27868 | Snake:4  | 27868 ||| STAIRDANCE
 27869 | Snake:4  | 27869 ||| INVOKING Heroism.
 27870 | Snake:4  | 27870 ||| INVOKING Finesse.
 27875 | Snake:4  | Killed Aizul
 27944 | Snake:4  | 27944 ||| Stepping ~*~*~tactically~*~*~ (hiding).
 28046 | Snake:4  | 28046 ||| Stepping ~*~*~tactically~*~*~ (hiding).
 28080 | Snake:4  | 28080 ||| Stepping ~*~*~tactically~*~*~ (stealth).
 28081 | Snake:4  | 28081 ||| Stepping ~*~*~tactically~*~*~ (hiding).
 28083 | Snake:4  | 28083 ||| INVOKING Heroism.
 28174 | Snake:4  | Found a one-way gate to the infinite horrors of the Abyss.
 28174 | Snake:4  | Found a corrupted altar of Lugonu.
 28335 | Snake:4  | 28335 ||| INVOKING Heroism.
 28337 | Snake:4  | 28337 ||| Stepping ~*~*~tactically~*~*~ (hiding).
 28422 | Snake:4  | 28422 ||| INVOKING Heroism.
 28490 | Snake:4  | 28490 ||| FLEEEEING.
 28491 | Snake:4  | 28491 ||| FLEEEEING.
 28494 | Snake:4  | 28494 ||| INVOKING Heroism.
 28541 | Snake:4  | 28541 ||| INVOKING Heroism.
 28543 | Snake:4  | 28543 ||| Stepping ~*~*~tactically~*~*~ (hiding).
 28636 | Snake:4  | 28636 ||| Stepping ~*~*~tactically~*~*~ (stealth).
 28650 | Snake:4  | 28650 ||| Stepping ~*~*~tactically~*~*~ (stealth).
 28663 | Snake:4  | 28663 ||| INVOKING Heroism.
 28665 | Snake:4  | 28665 ||| Stepping ~*~*~tactically~*~*~ (outnumbered).
 28826 | Snake:4  | 28826 ||| INVOKING Heroism.
 28879 | Snake:4  | 28879 ||| Stepping ~*~*~tactically~*~*~ (stealth).
 28881 | Snake:4  | 28881 ||| Stepping ~*~*~tactically~*~*~ (stealth).
 28896 | Snake:4  | Got a serpentine rune of Zot
 28911 | Snake:4  | 28911 ||| INVOKING Heroism.
 28924 | Snake:4  | 28924 ||| Stepping ~*~*~tactically~*~*~ (stealth).
 29015 | Snake:4  | 29015 ||| Stepping ~*~*~tactically~*~*~ (stealth).
 29037 | Snake:4  | 29037 ||| INVOKING Heroism.
 29064 | Snake:4  | 29064 ||| Stepping ~*~*~tactically~*~*~ (stealth).
 29066 | Snake:4  | 29066 ||| Stepping ~*~*~tactically~*~*~ (hiding).
 29067 | Snake:4  | 29067 ||| Stepping ~*~*~tactically~*~*~ (hiding).
 29074 | Snake:4  | 29074 ||| INVOKING Heroism.
 29142 | Snake:4  | 29142 ||| Stepping ~*~*~tactically~*~*~ (hiding).
 29244 | Snake:4  | 29244 ||| Stepping ~*~*~tactically~*~*~ (hiding).
 29245 | Snake:4  | 29245 ||| Stepping ~*~*~tactically~*~*~ (hiding).
 29252 | Snake:4  | 29252 ||| INVOKING Heroism.
 29480 | Snake:4  | 29480 ||| PLANNING VAULTS:1-4
 29480 | Snake:4  | 29480 ||| UPGRADING to +0 kite shield of cold resistance.
 29490 | Snake:4  | 29490 ||| DROPPING +0 kite shield.
 29514 | Snake:3  | 29514 ||| INVOKING Heroism.
 29820 | Vaults:1 | Entered Level 1 of the Vaults
 29850 | Vaults:1 | 29850 ||| Stepping ~*~*~tactically~*~*~ (hiding).
 29952 | Vaults:1 | 29952 ||| Stepping ~*~*~tactically~*~*~ (stealth).
 29954 | Vaults:1 | 29954 ||| Stepping ~*~*~tactically~*~*~ (stealth).
 29959 | Vaults:1 | 29959 ||| INVOKING Heroism.
 29962 | Vaults:1 | 29962 ||| Stepping ~*~*~tactically~*~*~ (outnumbered).
 29990 | Vaults:1 | Received a gift from Okawaru
 29992 | Vaults:1 | 29992 ||| Stepping ~*~*~tactically~*~*~ (hiding).
 29993 | Vaults:1 | 29993 ||| Stepping ~*~*~tactically~*~*~ (hiding).
 29994 | Vaults:1 | 29994 ||| Stepping ~*~*~tactically~*~*~ (hiding).
 29997 | Vaults:1 | Reached XP level 18. HP: 86/191 MP: 24/24
 30004 | Vaults:1 | Reached skill level 22 in Unarmed Combat
 30019 | Vaults:1 | 30019 ||| INVOKING Heroism.
 30037 | Vaults:1 | 30037 ||| Stepping ~*~*~tactically~*~*~ (hiding).
 30047 | Vaults:1 | Received a gift from Okawaru
 30053 | Vaults:1 | 30053 ||| Stepping ~*~*~tactically~*~*~ (outnumbered).
 30310 | Vaults:1 | Found Ataantuysy's Magic Scroll Shop.
 30316 | Vaults:1 | 30316 ||| BUYING scroll of enchant weapon (135 gold).
 30316 | Vaults:1 | Bought a scroll of enchant weapon for 135 gold pieces
 30316 | Vaults:1 | 30316 ||| BUYING scroll of enchant weapon (135 gold).
 30316 | Vaults:1 | Bought a scroll of enchant weapon for 135 gold pieces
 30326 | Vaults:1 | Identified the ring "Maskivalu" {rN+ Str+4}
 30519 | Vaults:1 | Received a gift from Okawaru
 30520 | Vaults:1 | 30520 ||| Stepping ~*~*~tactically~*~*~ (stealth).
 30526 | Vaults:1 | 30526 ||| Stepping ~*~*~tactically~*~*~ (hiding).
 30564 | Vaults:1 | 30564 ||| DROPPING ring "Maskivalu" {rN+ Str+4}.
 30578 | Vaults:2 | 30578 ||| STAIRDANCE
 30586 | Vaults:2 | 30586 ||| STAIRDANCE
 30614 | Vaults:2 | 30614 ||| INVOKING Heroism.
 30616 | Vaults:2 | 30616 ||| Stepping ~*~*~tactically~*~*~ (outnumbered).
 30618 | Vaults:2 | 30618 ||| Stepping ~*~*~tactically~*~*~ (outnumbered).
 30643 | Vaults:2 | 30643 ||| INVOKING Heroism.
 30644 | Vaults:2 | Received a gift from Okawaru
 30672 | Vaults:2 | 30672 ||| FLEEEEING.
 30675 | Vaults:2 | 30675 ||| FLEEEEING.
 30676 | Vaults:2 | 30676 ||| FLEEEEING.
 30677 | Vaults:2 | 30677 ||| FLEEEEING.
 30678 | Vaults:2 | 30678 ||| STAIRDANCE
 30801 | Vaults:2 | 30801 ||| STAIRDANCE
 30841 | Abyss:2  | Cast into level 2 of the Abyss (a wizard)
 30892 | Abyss:2  | 30892 ||| Stepping ~*~*~tactically~*~*~ (hiding).
 30893 | Abyss:2  | 30893 ||| Stepping ~*~*~tactically~*~*~ (hiding).
 30895 | Abyss:2  | 30895 ||| INVOKING Heroism.
 30917 | Abyss:2  | 30917 ||| Stepping ~*~*~tactically~*~*~ (stealth).
 30927 | Abyss:2  | 30927 ||| Stepping ~*~*~tactically~*~*~ (stealth).
 30928 | Abyss:2  | 30928 ||| Stepping ~*~*~tactically~*~*~ (stealth).
 30941 | Abyss:2  | Noticed a profane servitor
 30952 | Abyss:2  | Killed a profane servitor
 30963 | Abyss:2  | 30963 ||| Stepping ~*~*~tactically~*~*~ (outnumbered).
 30981 | Abyss:2  | 30981 ||| Stepping ~*~*~tactically~*~*~ (stealth).
 30988 | Abyss:2  | 30988 ||| Stepping ~*~*~tactically~*~*~ (stealth).
 30992 | Abyss:2  | 30992 ||| Stepping ~*~*~tactically~*~*~ (stealth).
 30999 | Abyss:2  | 30999 ||| INVOKING Heroism.
 31019 | Abyss:2  | 31019 ||| Stepping ~*~*~tactically~*~*~ (hiding).
 31063 | Abyss:2  | 31063 ||| INVOKING Heroism.
 31064 | Abyss:2  | 31064 ||| Stepping ~*~*~tactically~*~*~ (stealth).
 31066 | Abyss:2  | 31066 ||| Stepping ~*~*~tactically~*~*~ (stealth).
 31072 | Abyss:2  | 31072 ||| Stepping ~*~*~tactically~*~*~ (hiding).
 31073 | Abyss:2  | 31073 ||| Stepping ~*~*~tactically~*~*~ (hiding).
 31076 | Abyss:2  | 31076 ||| Stepping ~*~*~tactically~*~*~ (hiding).
 31077 | Abyss:2  | 31077 ||| Stepping ~*~*~tactically~*~*~ (hiding).
 31078 | Abyss:2  | 31078 ||| Stepping ~*~*~tactically~*~*~ (stealth).
 31098 | Abyss:2  | Received a gift from Okawaru
 31106 | Vaults:2 | Escaped the Abyss
 31107 | Vaults:2 | 31107 ||| Stepping ~*~*~tactically~*~*~ (outnumbered).
 31108 | Vaults:2 | 31108 ||| Stepping ~*~*~tactically~*~*~ (outnumbered).
 31110 | Vaults:2 | 31110 ||| INVOKING Heroism.
 31121 | Vaults:2 | 31121 ||| Stepping ~*~*~tactically~*~*~ (hiding).
 31212 | Vaults:2 | 31212 ||| Stepping ~*~*~tactically~*~*~ (stealth).
 31214 | Vaults:2 | 31214 ||| Stepping ~*~*~tactically~*~*~ (stealth).
 31215 | Vaults:2 | 31215 ||| Stepping ~*~*~tactically~*~*~ (stealth).
 31217 | Vaults:2 | 31217 ||| Stepping ~*~*~tactically~*~*~ (stealth).
 31264 | Vaults:2 | 31264 ||| INVOKING Heroism.
 31317 | Vaults:2 | 31317 ||| Stepping ~*~*~tactically~*~*~ (stealth).
 31324 | Vaults:2 | 31324 ||| Stepping ~*~*~tactically~*~*~ (hiding).
 31381 | Vaults:2 | 31381 ||| INVOKING Heroism.
 31391 | Vaults:2 | 31391 ||| Stepping ~*~*~tactically~*~*~ (outnumbered).
 31392 | Vaults:2 | 31392 ||| Stepping ~*~*~tactically~*~*~ (outnumbered).
 31393 | Vaults:2 | 31393 ||| Stepping ~*~*~tactically~*~*~ (outnumbered).
 31394 | Vaults:2 | 31394 ||| Stepping ~*~*~tactically~*~*~ (outnumbered).
 31395 | Vaults:2 | 31395 ||| INVOKING Finesse.
 31396 | Vaults:2 | 31396 ||| Stepping ~*~*~tactically~*~*~ (outnumbered).
 31397 | Vaults:2 | 31397 ||| Stepping ~*~*~tactically~*~*~ (outnumbered).
 31398 | Vaults:2 | 31398 ||| Stepping ~*~*~tactically~*~*~ (outnumbered).
 31402 | Vaults:2 | Received a gift from Okawaru
 31411 | Vaults:2 | 31411 ||| Stepping ~*~*~tactically~*~*~ (outnumbered).
 31412 | Vaults:2 | 31412 ||| Stepping ~*~*~tactically~*~*~ (outnumbered).
 31413 | Vaults:2 | 31413 ||| Stepping ~*~*~tactically~*~*~ (outnumbered).
 31422 | Vaults:2 | 31422 ||| Stepping ~*~*~tactically~*~*~ (outnumbered).
 31423 | Vaults:2 | 31423 ||| Stepping ~*~*~tactically~*~*~ (outnumbered).
 31429 | Vaults:2 | 31429 ||| Stepping ~*~*~tactically~*~*~ (outnumbered).
 31437 | Vaults:2 | 31437 ||| Stepping ~*~*~tactically~*~*~ (outnumbered).
 31438 | Vaults:2 | 31438 ||| Stepping ~*~*~tactically~*~*~ (outnumbered).
 31439 | Vaults:2 | 31439 ||| Stepping ~*~*~tactically~*~*~ (outnumbered).
 31443 | Vaults:2 | 31443 ||| Stepping ~*~*~tactically~*~*~ (outnumbered).
 31444 | Vaults:2 | 31444 ||| Stepping ~*~*~tactically~*~*~ (outnumbered).
 31445 | Vaults:2 | 31445 ||| INVOKING Heroism.
 31456 | Vaults:2 | 31456 ||| Stepping ~*~*~tactically~*~*~ (outnumbered).
 31457 | Vaults:2 | 31457 ||| Stepping ~*~*~tactically~*~*~ (outnumbered).
 31458 | Vaults:2 | 31458 ||| Stepping ~*~*~tactically~*~*~ (outnumbered).
 31459 | Vaults:2 | 31459 ||| INVOKING Finesse.
 31460 | Vaults:2 | 31460 ||| Stepping ~*~*~tactically~*~*~ (outnumbered).
 31461 | Vaults:2 | 31461 ||| Stepping ~*~*~tactically~*~*~ (outnumbered).
 31532 | Vaults:2 | 31532 ||| INVOKING Heroism.
 31727 | Vaults:2 | 31727 ||| INVOKING Heroism.
 31731 | Vaults:2 | 31731 ||| Stepping ~*~*~tactically~*~*~ (outnumbered).
 31732 | Vaults:2 | 31732 ||| Stepping ~*~*~tactically~*~*~ (outnumbered).
 31733 | Vaults:2 | 31733 ||| Stepping ~*~*~tactically~*~*~ (outnumbered).
 31740 | Vaults:2 | 31740 ||| Stepping ~*~*~tactically~*~*~ (outnumbered).
 31750 | Vaults:2 | Identified the +1 robe "Cauf" {Str+8 Slay-3 SInv} (Okawaru
                  | gifted it to you on level 2 of the Vaults)
 31750 | Vaults:2 | Received a gift from Okawaru
 32074 | Vaults:2 | 32074 ||| INVOKING Heroism.
 32075 | Vaults:2 | 32075 ||| INVOKING Finesse.
 32242 | Vaults:2 | 32242 ||| Stepping ~*~*~tactically~*~*~ (stealth).
 32265 | Vaults:2 | 32265 ||| Stepping ~*~*~tactically~*~*~ (stealth).
 32270 | Vaults:2 | 32270 ||| Stepping ~*~*~tactically~*~*~ (stealth).
 32272 | Vaults:2 | 32272 ||| Stepping ~*~*~tactically~*~*~ (stealth).
 32622 | Vaults:2 | 32622 ||| READING 7 scrolls of teleportation.
 32623 | Vaults:2 | 32623 ||| STAIRDANCE
 32703 | Vaults:3 | 32703 ||| DRINKING 26 potions of curing.
 32703 | Vaults:3 | 32703 ||| (to cure confusion)
 32716 | Vaults:3 | 32716 ||| Stepping ~*~*~tactically~*~*~ (outnumbered).
 32717 | Vaults:3 | 32717 ||| Stepping ~*~*~tactically~*~*~ (outnumbered).
 32719 | Vaults:3 | 32719 ||| Stepping ~*~*~tactically~*~*~ (outnumbered).
 32720 | Vaults:3 | 32720 ||| Stepping ~*~*~tactically~*~*~ (outnumbered).
 32721 | Vaults:3 | 32721 ||| Stepping ~*~*~tactically~*~*~ (outnumbered).
 32722 | Vaults:3 | 32722 ||| Stepping ~*~*~tactically~*~*~ (outnumbered).
 32723 | Vaults:3 | 32723 ||| Stepping ~*~*~tactically~*~*~ (outnumbered).
 32726 | Vaults:3 | 32726 ||| Stepping ~*~*~tactically~*~*~ (outnumbered).
 32729 | Vaults:3 | 32729 ||| Stepping ~*~*~tactically~*~*~ (outnumbered).
 32730 | Vaults:3 | 32730 ||| Stepping ~*~*~tactically~*~*~ (outnumbered).
 32731 | Vaults:3 | 32731 ||| Stepping ~*~*~tactically~*~*~ (outnumbered).
 32732 | Vaults:3 | 32732 ||| Stepping ~*~*~tactically~*~*~ (outnumbered).
 32733 | Vaults:3 | 32733 ||| Stepping ~*~*~tactically~*~*~ (outnumbered).
 32734 | Vaults:3 | 32734 ||| Stepping ~*~*~tactically~*~*~ (outnumbered).
 32881 | Vaults:3 | 32881 ||| Stepping ~*~*~tactically~*~*~ (hiding).
 32882 | Vaults:3 | 32882 ||| Stepping ~*~*~tactically~*~*~ (hiding).
 32883 | Vaults:3 | 32883 ||| Stepping ~*~*~tactically~*~*~ (hiding).
 32884 | Vaults:3 | 32884 ||| Stepping ~*~*~tactically~*~*~ (hiding).
 33005 | Vaults:3 | 33005 ||| Stepping ~*~*~tactically~*~*~ (hiding).
 33007 | Vaults:3 | 33007 ||| Stepping ~*~*~tactically~*~*~ (stealth).
 33015 | Vaults:3 | 33015 ||| Stepping ~*~*~tactically~*~*~ (outnumbered).
 33055 | Vaults:3 | 33055 ||| Stepping ~*~*~tactically~*~*~ (outnumbered).
 33056 | Vaults:3 | 33056 ||| Stepping ~*~*~tactically~*~*~ (outnumbered).
 33057 | Vaults:3 | 33057 ||| Stepping ~*~*~tactically~*~*~ (outnumbered).
 33058 | Vaults:3 | 33058 ||| Stepping ~*~*~tactically~*~*~ (outnumbered).
 33061 | Vaults:3 | 33061 ||| Stepping ~*~*~tactically~*~*~ (outnumbered).
 33062 | Vaults:3 | 33062 ||| Stepping ~*~*~tactically~*~*~ (outnumbered).
 33063 | Vaults:3 | 33063 ||| Stepping ~*~*~tactically~*~*~ (outnumbered).
 33064 | Vaults:3 | 33064 ||| INVOKING Heroism.
 33065 | Vaults:3 | 33065 ||| Stepping ~*~*~tactically~*~*~ (outnumbered).
 33132 | Vaults:3 | You fall into a shaft and drop 1 floor!
 33154 | Vaults:4 | Found Jirhoap's Antique Weapon Shop.
 33172 | Vaults:3 | 33172 ||| Stepping ~*~*~tactically~*~*~ (hiding).
 33274 | Vaults:3 | 33274 ||| Stepping ~*~*~tactically~*~*~ (hiding).
 33381 | Vaults:3 | 33381 ||| INVOKING Heroism.
 33382 | Vaults:3 | 33382 ||| INVOKING Finesse.
 33386 | Vaults:3 | Reached skill level 15 in Shields
 33408 | Vaults:3 | Reached XP level 19. HP: 203/203 MP: 21/25
 33551 | Vaults:3 | Found a staircase to the Crypt.
 33552 | Vaults:3 | 33552 ||| INVOKING Heroism.
 33558 | Vaults:3 | 33558 ||| Stepping ~*~*~tactically~*~*~ (outnumbered).
 33616 | Vaults:3 | 33616 ||| Stepping ~*~*~tactically~*~*~ (stealth).
 33618 | Vaults:3 | 33618 ||| Stepping ~*~*~tactically~*~*~ (stealth).
 33621 | Vaults:3 | 33621 ||| INVOKING Heroism.
 33622 | Vaults:3 | 33622 ||| Stepping ~*~*~tactically~*~*~ (outnumbered).
 33623 | Vaults:3 | 33623 ||| Stepping ~*~*~tactically~*~*~ (hiding).
 33624 | Vaults:3 | 33624 ||| Stepping ~*~*~tactically~*~*~ (hiding).
 33625 | Vaults:3 | 33625 ||| Stepping ~*~*~tactically~*~*~ (hiding).
 33626 | Vaults:3 | 33626 ||| Stepping ~*~*~tactically~*~*~ (hiding).
 33635 | Vaults:3 | 33635 ||| Stepping ~*~*~tactically~*~*~ (hiding).
 33636 | Vaults:3 | 33636 ||| Stepping ~*~*~tactically~*~*~ (hiding).
 33667 | Vaults:3 | 33667 ||| Stepping ~*~*~tactically~*~*~ (hiding).
 33669 | Vaults:3 | 33669 ||| Stepping ~*~*~tactically~*~*~ (outnumbered).
 33671 | Vaults:3 | 33671 ||| Stepping ~*~*~tactically~*~*~ (outnumbered).
 33706 | Vaults:3 | 33706 ||| Stepping ~*~*~tactically~*~*~ (outnumbered).
 33707 | Vaults:3 | 33707 ||| Stepping ~*~*~tactically~*~*~ (outnumbered).
 33783 | Vaults:3 | 33783 ||| Stepping ~*~*~tactically~*~*~ (stealth).
 33789 | Vaults:3 | 33789 ||| Stepping ~*~*~tactically~*~*~ (hiding).
 33796 | Vaults:3 | 33796 ||| INVOKING Heroism.
 33819 | Vaults:3 | 33819 ||| Stepping ~*~*~tactically~*~*~ (outnumbered).
 33836 | Vaults:3 | 33836 ||| Stepping ~*~*~tactically~*~*~ (outnumbered).
 33841 | Vaults:3 | 33841 ||| Stepping ~*~*~tactically~*~*~ (outnumbered).
 33852 | Vaults:3 | Reached skill level 12 in Fighting
 33862 | Vaults:3 | 33862 ||| INVOKING Heroism.
 33873 | Vaults:3 | HP: 49/207 [yaktaur/bolt[a yaktaur captain] (23)]
 33874 | Vaults:3 | 33874 ||| READING 6 scrolls of teleportation.
 33875 | Vaults:3 | 33875 ||| DRINKING 6 potions of heal wounds.
 33988 | Vaults:3 | Found a runed translucent gate.
 33988 | Vaults:3 | Found a runed translucent gate.
 33989 | Vaults:3 | Found a runed translucent gate.
 34013 | Vaults:3 | 34013 ||| INVOKING Heroism.
 34020 | Vaults:3 | 34020 ||| Stepping ~*~*~tactically~*~*~ (outnumbered).
 34021 | Vaults:3 | 34021 ||| Stepping ~*~*~tactically~*~*~ (outnumbered).
 34022 | Vaults:3 | 34022 ||| Stepping ~*~*~tactically~*~*~ (outnumbered).
 34023 | Vaults:3 | 34023 ||| Stepping ~*~*~tactically~*~*~ (outnumbered).
 34024 | Vaults:3 | 34024 ||| Stepping ~*~*~tactically~*~*~ (outnumbered).
 34025 | Vaults:3 | 34025 ||| Stepping ~*~*~tactically~*~*~ (outnumbered).
 34026 | Vaults:3 | 34026 ||| Stepping ~*~*~tactically~*~*~ (outnumbered).
 34027 | Vaults:3 | 34027 ||| Stepping ~*~*~tactically~*~*~ (outnumbered).
 34032 | Vaults:3 | 34032 ||| Stepping ~*~*~tactically~*~*~ (outnumbered).
 34034 | Vaults:3 | Received a gift from Okawaru
 34038 | Vaults:3 | 34038 ||| Stepping ~*~*~tactically~*~*~ (outnumbered).
 34039 | Vaults:3 | 34039 ||| Stepping ~*~*~tactically~*~*~ (outnumbered).
 34040 | Vaults:3 | 34040 ||| Stepping ~*~*~tactically~*~*~ (outnumbered).
 34041 | Vaults:3 | 34041 ||| Stepping ~*~*~tactically~*~*~ (outnumbered).
 34042 | Vaults:3 | 34042 ||| Stepping ~*~*~tactically~*~*~ (outnumbered).
 34043 | Vaults:3 | 34043 ||| Stepping ~*~*~tactically~*~*~ (outnumbered).
 34044 | Vaults:3 | 34044 ||| Stepping ~*~*~tactically~*~*~ (outnumbered).
 34045 | Vaults:3 | 34045 ||| Stepping ~*~*~tactically~*~*~ (outnumbered).
 34046 | Vaults:3 | 34046 ||| Stepping ~*~*~tactically~*~*~ (outnumbered).
 34048 | Vaults:3 | 34048 ||| Stepping ~*~*~tactically~*~*~ (outnumbered).
 34049 | Vaults:3 | 34049 ||| Stepping ~*~*~tactically~*~*~ (outnumbered).
 34050 | Vaults:3 | 34050 ||| Stepping ~*~*~tactically~*~*~ (outnumbered).
 34054 | Vaults:3 | 34054 ||| Stepping ~*~*~tactically~*~*~ (outnumbered).
 34055 | Vaults:3 | 34055 ||| Stepping ~*~*~tactically~*~*~ (outnumbered).
 34056 | Vaults:3 | 34056 ||| Stepping ~*~*~tactically~*~*~ (outnumbered).
 34179 | Vaults:3 | 34179 ||| Stepping ~*~*~tactically~*~*~ (stealth).
 34181 | Vaults:3 | 34181 ||| Stepping ~*~*~tactically~*~*~ (stealth).
 34182 | Vaults:3 | 34182 ||| INVOKING Heroism.
 34191 | Vaults:3 | 34191 ||| INVOKING Finesse.
 34197 | Vaults:3 | Received a gift from Okawaru
 34246 | Vaults:3 | 34246 ||| Stepping ~*~*~tactically~*~*~ (hiding).
 34248 | Vaults:3 | 34248 ||| Stepping ~*~*~tactically~*~*~ (hiding).
 34277 | Vaults:3 | 34277 ||| Stepping ~*~*~tactically~*~*~ (stealth).
 34418 | Vaults:3 | 34418 ||| Stepping ~*~*~tactically~*~*~ (stealth).
 34421 | Vaults:3 | 34421 ||| INVOKING Heroism.
 34422 | Vaults:3 | 34422 ||| Stepping ~*~*~tactically~*~*~ (stealth).
 34424 | Vaults:3 | 34424 ||| Stepping ~*~*~tactically~*~*~ (outnumbered).
 34434 | Vaults:3 | Received a gift from Okawaru
 34739 | Vaults:3 | Noticed wjh11's ghost (veteran MiBe)
 34744 | Vaults:3 | 34744 ||| UPGRADING to +2 cloak of poison resistance.
 34815 | Vaults:4 | 34815 ||| FLEEEEING.
 34819 | Vaults:4 | 34819 ||| FLEEEEING.
 34824 | Vaults:4 | 34824 ||| FLEEEEING.
 34825 | Vaults:4 | 34825 ||| FLEEEEING.
 34826 | Vaults:4 | 34826 ||| FLEEEEING.
 34827 | Vaults:4 | 34827 ||| STAIRDANCE
 35013 | Vaults:4 | 35013 ||| STAIRDANCE
 35222 | Vaults:4 | 35222 ||| STAIRDANCE
 35463 | Vaults:4 | Received a gift from Okawaru
 35558 | Vaults:4 | 35558 ||| DRINKING 25 potions of curing.
 35558 | Vaults:4 | 35558 ||| (to cure confusion)
 35561 | Vaults:4 | 35561 ||| DRINKING 24 potions of curing.
 35561 | Vaults:4 | 35561 ||| (to cure confusion)
 35562 | Vaults:4 | 35562 ||| UPGRADING to +1 cloak of Life {rElec Int-3
                  | Stlth+}.
 35574 | Vaults:4 | Reached skill level 12 in Throwing
 35631 | Vaults:4 | 35631 ||| Stepping ~*~*~tactically~*~*~ (hiding).
 35645 | Vaults:4 | 35645 ||| Stepping ~*~*~tactically~*~*~ (hiding).
 35649 | Vaults:4 | 35649 ||| Stepping ~*~*~tactically~*~*~ (outnumbered).
 35652 | Vaults:4 | 35652 ||| INVOKING Heroism.
 35653 | Vaults:4 | 35653 ||| Stepping ~*~*~tactically~*~*~ (outnumbered).
 35663 | Vaults:4 | 35663 ||| Stepping ~*~*~tactically~*~*~ (outnumbered).
 35666 | Vaults:4 | 35666 ||| Stepping ~*~*~tactically~*~*~ (outnumbered).
 35667 | Vaults:4 | 35667 ||| Stepping ~*~*~tactically~*~*~ (outnumbered).
 35789 | Vaults:4 | 35789 ||| Stepping ~*~*~tactically~*~*~ (stealth).
 35790 | Vaults:4 | 35790 ||| READING 6 scrolls of teleportation.
 35791 | Vaults:4 | 35791 ||| FLEEEEING.
 35792 | Vaults:4 | 35792 ||| INVOKING Heroism.
 35799 | Vaults:4 | 35799 ||| Stepping ~*~*~tactically~*~*~ (outnumbered).
 35831 | Vaults:4 | Received a gift from Okawaru
 35850 | Vaults:4 | 35850 ||| DRINKING 23 potions of curing.
 35850 | Vaults:4 | 35850 ||| (to cure confusion)
 35948 | Vaults:4 | 35948 ||| Stepping ~*~*~tactically~*~*~ (stealth).
 35950 | Vaults:4 | 35950 ||| Stepping ~*~*~tactically~*~*~ (stealth).
 35952 | Vaults:4 | 35952 ||| Stepping ~*~*~tactically~*~*~ (stealth).
 35954 | Vaults:4 | 35954 ||| Stepping ~*~*~tactically~*~*~ (stealth).
 35956 | Vaults:4 | 35956 ||| Stepping ~*~*~tactically~*~*~ (stealth).
 35965 | Vaults:4 | 35965 ||| INVOKING Heroism.
 35978 | Vaults:4 | Identified the +1 hat "Ecuemeob" {rF+ Will- Dex+2} (Okawaru
                  | gifted it to you on level 4 of the Vaults)
 35978 | Vaults:4 | Received a gift from Okawaru
 36033 | Vaults:4 | 36033 ||| DRINKING 22 potions of curing.
 36033 | Vaults:4 | 36033 ||| (to cure confusion)
 36033 | Vaults:4 | Paralysed by a sphinx for 5 turns
 36158 | Vaults:4 | 36158 ||| Stepping ~*~*~tactically~*~*~ (hiding).
 36286 | Vaults:4 | 36286 ||| Stepping ~*~*~tactically~*~*~ (hiding).
 36287 | Vaults:4 | 36287 ||| Stepping ~*~*~tactically~*~*~ (hiding).
 36289 | Vaults:4 | 36289 ||| Stepping ~*~*~tactically~*~*~ (hiding).
 36295 | Vaults:4 | Reached skill level 9 in Dodging
 36464 | Vaults:4 | 36464 ||| Stepping ~*~*~tactically~*~*~ (stealth).
 36966 | Vaults:3 | 36966 ||| PLANNING SWAMP:4
 37023 | Vaults:3 | 37023 ||| UPGRADING to +1 hat "Ecuemeob" {rF+ Will- Dex+2}.
 37342 | Swamp:4  | Entered Level 4 of the Swamp
 37343 | Swamp:4  | 37343 ||| INVOKING Heroism.
 37347 | Swamp:4  | 37347 ||| STAIRDANCE
 37456 | Swamp:4  | 37456 ||| Stepping ~*~*~tactically~*~*~ (hiding).
 37558 | Swamp:4  | 37558 ||| Stepping ~*~*~tactically~*~*~ (hiding).
 37660 | Swamp:4  | 37660 ||| Stepping ~*~*~tactically~*~*~ (hiding).
 37778 | Swamp:4  | 37778 ||| INVOKING Heroism.
 37861 | Swamp:4  | 37861 ||| INVOKING Heroism.
 37862 | Swamp:4  | 37862 ||| INVOKING Finesse.
 37887 | Swamp:4  | 37887 ||| Stepping ~*~*~tactically~*~*~ (outnumbered).
 38050 | Swamp:4  | 38050 ||| Stepping ~*~*~tactically~*~*~ (hiding).
 38053 | Swamp:4  | 38053 ||| INVOKING Heroism.
 38069 | Swamp:4  | 38069 ||| Stepping ~*~*~tactically~*~*~ (outnumbered).
 38108 | Swamp:4  | Reached XP level 20. HP: 216/220 MP: 20/26
 38111 | Swamp:4  | 38111 ||| INVOKING Heroism.
 38114 | Swamp:4  | 38114 ||| Stepping ~*~*~tactically~*~*~ (outnumbered).
 38126 | Swamp:4  | 38126 ||| Stepping ~*~*~tactically~*~*~ (outnumbered).
 38209 | Swamp:4  | Got a decaying rune of Zot
 38235 | Swamp:4  | 38235 ||| INVOKING Heroism.
 38238 | Swamp:4  | 38238 ||| Stepping ~*~*~tactically~*~*~ (outnumbered).
 38434 | Swamp:4  | 38434 ||| Stepping ~*~*~tactically~*~*~ (stealth).
 38436 | Swamp:4  | 38436 ||| Stepping ~*~*~tactically~*~*~ (hiding).
 38558 | Swamp:4  | Found a runed translucent gate.
 38558 | Swamp:4  | Found a runed translucent gate.
 38558 | Swamp:4  | Found a runed translucent gate.
 38558 | Swamp:4  | Noticed contendunt's ghost (adept MiFi)
 38785 | Swamp:4  | 38785 ||| Stepping ~*~*~tactically~*~*~ (hiding).
 38887 | Swamp:4  | 38887 ||| Stepping ~*~*~tactically~*~*~ (hiding).
 38989 | Swamp:4  | 38989 ||| Stepping ~*~*~tactically~*~*~ (hiding).
 39091 | Swamp:4  | 39091 ||| Stepping ~*~*~tactically~*~*~ (hiding).
 39317 | Swamp:4  | 39317 ||| READING 6 scrolls of teleportation.
 39318 | Swamp:4  | 39318 ||| PLANNING DEPTHS
 39599 | Depths:1 | Entered Level 1 of the Depths
 39600 | Depths:1 | 39600 ||| INVOKING Heroism.
 39723 | Depths:1 | Found Zin's Purification Station.
 39723 | Depths:1 | Found a glowing silver altar of Zin.
 39727 | Depths:1 | 39727 ||| Stepping ~*~*~tactically~*~*~ (stealth).
 39729 | Depths:1 | 39729 ||| Stepping ~*~*~tactically~*~*~ (stealth).
 39750 | Depths:1 | 39750 ||| BUYING potion of curing (90 gold).
 39750 | Depths:1 | Bought a potion of curing for 90 gold pieces
 39755 | Depths:1 | You fall into a shaft and drop 1 floor!
 39773 | Depths:2 | 39773 ||| INVOKING Heroism.
 39783 | Depths:2 | Identified the quicksilver dragon scales of Oblivion {rF+
                  | Will+ MP+9 Dex+4} (Okawaru gifted it to you on level 2 of
                  | the Depths)
 39783 | Depths:2 | Received a gift from Okawaru
 39826 | Depths:2 | 39826 ||| INVOKING Heroism.
 39836 | Depths:2 | 39836 ||| Stepping ~*~*~tactically~*~*~ (outnumbered).
 39838 | Depths:2 | 39838 ||| Stepping ~*~*~tactically~*~*~ (outnumbered).
 39937 | Depths:2 | 39937 ||| INVOKING Heroism.
 39938 | Depths:2 | 39938 ||| INVOKING Finesse.
 39993 | Depths:2 | 39993 ||| Stepping ~*~*~tactically~*~*~ (stealth).
 40003 | Depths:2 | 40003 ||| Stepping ~*~*~tactically~*~*~ (hiding).
 40294 | Depths:2 | 40294 ||| Stepping ~*~*~tactically~*~*~ (stealth).
 40301 | Depths:2 | Found an ancient bone altar of Kikubaaqudgha.
 40383 | Depths:2 | 40383 ||| Stepping ~*~*~tactically~*~*~ (stealth).
 40388 | Depths:2 | 40388 ||| Stepping ~*~*~tactically~*~*~ (outnumbered).
 40391 | Depths:2 | 40391 ||| Stepping ~*~*~tactically~*~*~ (outnumbered).
 40446 | Depths:2 | 40446 ||| INVOKING Heroism.
 40447 | Depths:2 | 40447 ||| Stepping ~*~*~tactically~*~*~ (hiding).
 40448 | Depths:2 | 40448 ||| INVOKING Finesse.
 40449 | Depths:2 | 40449 ||| Stepping ~*~*~tactically~*~*~ (hiding).
 40452 | Depths:2 | 40452 ||| Stepping ~*~*~tactically~*~*~ (hiding).
 40453 | Depths:2 | 40453 ||| Stepping ~*~*~tactically~*~*~ (hiding).
 40519 | Depths:2 | Found The Legendary Wihaumuiv's Legendary Smithy.
 40523 | Depths:2 | 40523 ||| BUYING -1 tower shield (4 gold).
 40523 | Depths:2 | Bought a -1 tower shield for 4 gold pieces
 40541 | Depths:2 | Found Etamn's General Store.
 40542 | Depths:2 | 40542 ||| INVOKING Heroism.
 40598 | Depths:2 | Found a burning altar of Makhleb.
 40599 | Depths:2 | 40599 ||| INVOKING Heroism.
 40600 | Depths:2 | 40600 ||| INVOKING Finesse.
 40659 | Depths:2 | 40659 ||| INVOKING Heroism.
 40670 | Depths:2 | 40670 ||| Stepping ~*~*~tactically~*~*~ (hiding).
 40674 | Depths:2 | Found Caesura's Miraculous Elixirs.
 40686 | Depths:2 | 40686 ||| BUYING 2 potions of mutation (800 gold).
 40686 | Depths:2 | Bought 2 potions of mutation for 800 gold pieces
 40686 | Depths:2 | 40686 ||| BUYING 2 potions of mutation (800 gold).
 40686 | Depths:2 | Bought 2 potions of mutation for 800 gold pieces
 40686 | Depths:2 | 40686 ||| BUYING potion of mutation (400 gold).
 40686 | Depths:2 | Bought a potion of mutation for 400 gold pieces
 40686 | Depths:2 | 40686 ||| SHOPLISTING potion of mutation (400 gold, have
                  | 169).
 40693 | Depths:2 | 40693 ||| UPGRADING to -1 tower shield.
 40703 | Depths:2 | 40703 ||| DROPPING +0 kite shield of cold resistance.
 40704 | Depths:2 | 40704 ||| READING 6 scrolls of teleportation.
 40756 | Depths:2 | 40756 ||| Stepping ~*~*~tactically~*~*~ (hiding).
 40767 | Depths:2 | 40767 ||| READING 5 scrolls of teleportation.
 40771 | Depths:2 | 40771 ||| READING 4 scrolls of teleportation.
 40785 | Depths:2 | 40785 ||| Stepping ~*~*~tactically~*~*~ (hiding).
 40887 | Depths:2 | 40887 ||| Stepping ~*~*~tactically~*~*~ (hiding).
 40929 | Depths:1 | 40929 ||| INVOKING Heroism.
 40970 | Depths:1 | Found Uleschemoci's Antique Armour Emporium.
 40999 | Depths:1 | Found a gateway to Hell.
 41000 | Depths:1 | 41000 ||| INVOKING Heroism.
 41013 | Depths:1 | HP: 47/222 [hell hog/fireball (9)]
 41018 | Depths:1 | 41018 ||| READING 3 scrolls of teleportation.
 41018 | Depths:1 | HP: 52/222 [hell hog/fireball (1)]
 41019 | Depths:1 | 41019 ||| DRINKING 7 potions of heal wounds.
 41114 | Depths:1 | 41114 ||| Stepping ~*~*~tactically~*~*~ (hiding).
 41273 | Depths:1 | 41273 ||| INVOKING Heroism.
 41311 | Depths:1 | HP: 50/222 [hell hog/fireball (16)]
 41312 | Depths:1 | 41312 ||| READING 2 scrolls of teleportation.
 41313 | Depths:1 | 41313 ||| DRINKING 6 potions of heal wounds.
 41314 | Depths:1 | 41314 ||| INVOKING Heroism.
 41315 | Depths:1 | 41315 ||| DRINKING 5 potions of heal wounds.
 41412 | Depths:1 | 41412 ||| INVOKING Heroism.
 41438 | Depths:1 | HP: 54/222 [hell knight/bolt of fire (7)]
 41439 | Depths:1 | 41439 ||| READING scroll of teleportation.
 41439 | Depths:1 | HP: 26/222 [hell hog/fireball (21)]
 41440 | Depths:1 | 41440 ||| DRINKING 4 potions of heal wounds.
 41441 | Depths:1 | 41441 ||| DRINKING 3 potions of heal wounds.
 41444 | Depths:1 | 41444 ||| DRINKING 2 potions of heal wounds.
 41450 | Depths:1 | HP: 48/222 [hell hog/fireball (21)]
 41451 | Depths:1 | 41451 ||| DRINKING potion of heal wounds.
 41455 | Depths:1 | 41455 ||| INVOKING Heroism.
 41456 | Depths:1 | HP: 36/222 [hell hog/fireball (9)]
 41459 | Depths:1 | HP: 7/222 [hell hog/fireball (13)]
 41463 | Depths:1 | Killed from afar by a hell hog

Levels and vault maps discovered:
D:1:      minmay_arrival_arboretum_small, layout_loops_ring
D:2:      layout_basic, basic_altar
D:3:      layout_basic, ebering_ecumenical_altar_box, uniq_ijyb, uniq_natasha
D:4:      layout_rooms, chequers_temple_overflow_minitemple,
          uniq_crazy_yiuf_cottage
D:5:      cheibrodos_helix_gallery, layout_basic, kennysheep_nub,
          dreamdust_princess_corridor, minmay_misc_feat_four_crosses
D:6:      layout_basic, slow_altar_1, minmay_temple_entry_steel_oval,
          kennysheep_generic_room_3
D:7:      nzn_winding_woodlands_cross [nzn_winding_woodlands_5x15_lazy_stream,
          nzn_winding_woodlands_5x15_pockets,
          nzn_winding_woodlands_5x15_river_crossing,
          nzn_winding_woodlands_5x15_pathside_ponds,
          nzn_winding_woodlands_15x15_eel_pit], layout_basic, serial_shops, shop
D:8:      layout_loops_ring, nicolae_gozag_cash_rules_everything_around_me,
          gammafunk_temple_overflow_forgotten,
          mainiacjoe_overflow_surrounded_room, uniq_psyche
D:9:      layout_grid_maze, nicolae_elyvilon_peaceful_grove
D:10:     layout_basic, grunt_lair_entry_orc_guard_hut, erik_orc_1
D:11:     layout_basic, uniq_maurice, uniq_harold, uniq_nergalle
D:12:     layout_loops_cross, trove_entry_hex_spiral
D:13:     layout_cross, erik_vaults_1, serial_shops, shop,
          portal_ice_cave_entry_ice_simulacra, kennysheep_potato, uniq_rupert,
          uniq_jorgrun
D:14:     layout_cave_pools, trog_three_pillars_becter, evilmike_ruin_ashenzari
D:15:     hangedman_depths_entry_try_elsewhere_first, layout_layer_cave,
          minmay_tree_intersection, fake_guardian_serpent_vault
Lair:1:   layout_cellular_growth, hellmonk_ghost_happy_afterlife
Lair:2:   layout_loops_ring, minmay_swamp_entry_worms,
          guppyfry_snake_entry_garden, infiniplex_staircase_pool_2
Lair:3:   layout_long_grid, uniq_amaemon, uniq_gastronok
Lair:4:   lemuel_slime, layout_misc_corridors, nicolae_slime_entry_slimehenge,
          lemuel_fruit_fields
Lair:5:   grunt_lair_end_beastmaster, layout_cave_pods, gauntlet_entry_generic,
          serial_bayou_shore_a, serial_bayou_shore_b, serial_bayou_shore_b,
          serial_bayou_shore_b
Swamp:1:  layout_basic_swamp, nicolae_swamp_very_dense_foliage
Swamp:2:  layout_basic_swamp, nicolae_swamp_big_swirl, uniq_roxanne
Swamp:3:  layout_falls_marsh, serial_swamp_ruin, evilmike_swamp_ruin_house_5,
          evilmike_swamp_ruin_rubble_1
Swamp:4:  swamp_vile, layout_basic_swamp, gammafunk_ghost_hydra_chop,
          swamp_pool2, nicolae_swamp_triple_paths, worms_lemuel
Snake:1:  layout_rooms, nicolae_snake_bzzzt, minmay_shoptagon
Snake:2:  layout_basic, grunt_ministairs_14
Snake:3:  layout_layer_cave, ebering_ghost_reflecting_pool,
          nicolae_snake_gridmaze_entwining, lemuel_oklob_altar,
          grunt_megastairs_3, uniq_vashnia
Snake:4:  minmay_snake_end_coiled, layout_chambers,
          amcnicky_altar_lugonu_corruption, uniq_aizul
Orc:1:    layout_caves, serial_shops, shop, nicolae_orc_flooded_monolith,
          minmay_orc_barracks, uniq_urug
Orc:2:    st_orc_congregation, layout_caves, uniq_sonja
Vaults:1: nicolae_vaults_big_angled_halls, vaults_standard_mumra_x,
          hangedman_vaults_stream, layout_vaults_maze_bifur, serial_shops,
          nicolae_shop_advertising_works [nicolae_subvault_shop_adworks]
Vaults:2: vaults_mumra_minichess, v_misc_30, v_misc_27, serial_ice_b,
          grunt_vaults_diagonal, vaults_room_hangedman_quadrants,
          ontoclasm_vaults_twist, nicolae_vaults_little_squares_4,
          nicolae_vaults_little_squares_6, vaults_room_door_hall,
          vaults_dpeg_hooks, layout_vaults_chaotic_city
Vaults:3: gammafunk_ghost_spectres, hangedman_vaults_restitches,
          minmay_crypt_entry_simple_round, ontoclasm_vaults_tryst, v_rooms_6,
          nicolae_vaults_stairing_the_circle, nicolae_vaults_network_star,
          nicolae_vaults_disjoint_gnomons, nicolae_vaults_three_branches,
          vaults_room_grid, layout_vaults_big_cross
Vaults:4: hangedman_vaults_river_flow, v_misc_19, vaults_dpeg_ring, v_misc_1,
          v_alt_pattern_1, nicolae_vaults_an_arrangement,
          nicolae_vaults_little_ls, nicolae_vaults_alarming,
          nicolae_vaults_yaktaur_gun_rack, dpeg_vaults_monster_box, v_rooms_4,
          layout_vaults_omnigrid, serial_shops, nicolae_shop_trees
Depths:1: minmay_connected_triangles_in_corner, layout_honeycomb, hellmouth_3,
          serial_shops, kennysheep_mini, abyss_entry_small_statue_room,
          grunt_decor_resistance, kennysheep_pointless_box, lemuel_statue_altar,
          zin_purify
Depths:2: grated_community_mu [grated_community_mu_vampire_home,
          grated_community_mu_giant_home, grated_community_mu_spellcaster_home,
          grated_community_mu_orcish_home, grated_community_mu_troll_home,
          grated_community_mu_taur_home, grated_community_mu_unbuilt_plot],
          layout_cave_shapes, nicolae_hell_entry_big_baal_hell, serial_shops,
          shop, pan_entry, kennysheep_minor_cross,
          nicolae_hepliaklqana_ecumenical_no_more

Skill      XL: |  1  2  3  4  5  6  7  8  9 10 11 12 13 14 15 16 17 18 19 20 |
---------------+-------------------------------------------------------------+-----
Unarmed Combat | 4 5 6 7 9 11 13 15 16 19 20 21 22 | 22.0
Dodging        | 1 2 3 4 5 6 7 9 10 | 10.0
Fighting       | 3 4 5 6 7 8 9 10 11 12 13 | 13.0
Throwing       | 1 7 8 9 11 12 13 | 13.0
Armour         | 1 3 5 |  5.0
Invocations    | 3 5 9 10 | 10.0
Shields        | 1 10 13 15 16 | 16.8
Spellcasting   | |  1.0
Fire Magic     | |  2.1

Action                   |  1- 3 |  4- 6 |  7- 9 | 10-12 | 13-15 | 16-18 | 19-21 || total
-------------------------+-------+-------+-------+-------+-------+-------+-------++-------
Melee: Unarmed           |    81 |   136 |   174 |   412 |   931 |  1118 |   754 ||  3606
       Punch             |     2 |       |     8 |    33 |    44 |       |       ||    87
Throw: Boomerang         |       |    10 |    18 |    69 |     5 |       |       ||   102
       Javelin           |       |       |       |       |    43 |       |       ||    43
       Large rock        |       |       |       |       |   102 |    83 |   100 ||   285
Invok: Fiery Armour      |     1 |     1 |     4 |     7 |       |       |       ||    13
       Heroism           |       |       |       |     6 |    64 |    53 |    30 ||   153
       Finesse           |       |       |       |       |     2 |    10 |     5 ||    17
  Use: Scroll            |     3 |     5 |     6 |    15 |    14 |     6 |     9 ||    58
       Potion            |       |     2 |     1 |     3 |     5 |     4 |    12 ||    27
 Stab: Confused          |       |       |       |     4 |       |       |       ||     4
       Petrified         |       |       |       |       |     3 |       |       ||     3
       Sleeping          |       |       |       |       |     1 |     2 |     2 ||     5
       Distracted        |       |       |       |       |       |     2 |       ||     2
Armor: Robe              |    24 |    34 |    47 |    73 |       |       |       ||   178
       Acid dragon scale |       |       |       |    59 |   141 |       |       ||   200
       Troll leather arm |       |       |       |       |   174 |   226 |   152 ||   552
       Fire dragon scale |       |       |       |       |    32 |       |       ||    32
Dodge: Dodged            |    24 |    42 |    79 |   144 |   409 |   286 |   196 ||  1180
Block: Kite shield       |       |       |       |       |   386 |   754 |   448 ||  1588
       Reflection        |       |       |       |       |    26 |    95 |    53 ||   174
       Tower shield      |       |       |       |       |       |       |    35 ||    35

Table legend:
 A = Non-vault XP
 B = Vault XP
 C = Vault XP percentage of total XP
 D = Non-vault monster count
 E = Vault monster count
 F = Vault count percentage of total count
                 A         B        C        D         E       F
            +---------+---------+-------+---------+---------+-------
      Total |  311918 |  224547 |  41.9 |     893 |     475 |  34.7
            +---------+---------+-------+---------+---------+-------
        D:1 |      52 |       0 |   0.0 |      29 |       0 |   0.0
        D:2 |     131 |       0 |   0.0 |      25 |       0 |   0.0
        D:3 |      96 |      71 |  42.5 |      11 |       2 |  15.4
        D:4 |     619 |       0 |   0.0 |      20 |       0 |   0.0
        D:5 |     833 |      48 |   5.4 |      13 |       2 |  13.3
        D:6 |    1203 |     832 |  40.9 |      21 |       2 |   8.7
        D:7 |    1255 |     973 |  43.7 |      32 |       6 |  15.8
        D:8 |    1664 |     358 |  17.7 |      17 |       1 |   5.6
        D:9 |    2138 |       0 |   0.0 |      33 |       0 |   0.0
       D:10 |    3740 |    1467 |  28.2 |      28 |      21 |  42.9
       D:11 |    3842 |    2154 |  35.9 |      18 |       3 |  14.3
       D:12 |    2468 |       0 |   0.0 |       9 |       0 |   0.0
       D:13 |    2562 |    6233 |  70.9 |       6 |      13 |  68.4
       D:14 |   13114 |       0 |   0.0 |      34 |       0 |   0.0
       D:15 |   11553 |    3521 |  23.4 |      32 |       5 |  13.5
     Lair:1 |    7363 |       0 |   0.0 |      28 |       0 |   0.0
     Lair:2 |    4494 |     767 |  14.6 |      17 |       4 |  19.0
     Lair:3 |    5562 |    2672 |  32.5 |      20 |       3 |  13.0
     Lair:4 |    7208 |     905 |  11.2 |      32 |      24 |  42.9
     Lair:5 |    2789 |    8065 |  74.3 |       7 |      16 |  69.6
    Swamp:1 |   13204 |       0 |   0.0 |      20 |       0 |   0.0
    Swamp:2 |   12014 |    1367 |  10.2 |      21 |       1 |   4.5
    Swamp:3 |   13873 |       0 |   0.0 |      29 |       0 |   0.0
    Swamp:4 |   10540 |   23177 |  68.7 |      21 |      40 |  65.6
    Snake:1 |   16534 |    3271 |  16.5 |      31 |       6 |  16.2
    Snake:2 |   20980 |     620 |   2.9 |      47 |       2 |   4.1
    Snake:3 |   14966 |    9665 |  39.2 |      26 |      11 |  29.7
    Snake:4 |   14784 |   21962 |  59.8 |      23 |      39 |  62.9
      Orc:1 |    4049 |    1877 |  31.7 |      43 |      18 |  29.5
      Orc:2 |    6255 |   12364 |  66.4 |      41 |      64 |  61.0
   Vaults:1 |   17261 |    8344 |  32.6 |      24 |      10 |  29.4
   Vaults:2 |   30943 |   12068 |  28.1 |      42 |      21 |  33.3
   Vaults:3 |   22765 |   39322 |  63.3 |      30 |      53 |  63.9
   Vaults:4 |    9820 |   20140 |  67.2 |      15 |      26 |  63.4
   Depths:1 |   13962 |    6696 |  32.4 |      18 |      10 |  35.7
   Depths:2 |    3138 |   32212 |  91.1 |       4 |      61 |  93.8
    Abyss:2 |   14144 |       0 |   0.0 |      26 |       0 |   0.0
   Gauntlet |       0 |    3396 | 100.0 |       0 |      11 | 100.0
            +---------+---------+-------+---------+---------+-------
